 Dungeon Crawl Stone Soup version 0.32-a0-131-g9dbbe29261 (webtiles) character file.

Game seed: 15432430946999397652

1418953 particleface the Ruinous (level 27, 330/330 (345) HPs)
             Began as an Oni Wanderer on Feb 7, 2024.
             Was a High Priest of Ashenzari.
             Escaped with the Orb
             ... and 3 runes on Feb 9, 2024!
             The game lasted 05:04:35 (97656 turns).

particleface the Ruinous (Oni Wanderer)            Turns: 97656, Time: 05:04:36

HP:   330/330 (345) AC: 22    Str: 21 (24) XL:     27
MP:   52/52         EV:  9    Int: 25 (26) God:    Ashenzari [*****.]
Gold: 3008          SH: 15    Dex:  6      Spells: 10/68 levels left

rFire   + + .        a - +9 demon whip of the Sibylline Planets {venom, Comp, Elem} (curse)
rCold   + . .        v - +5 kite shield of the Eternal Sage {Will- Int+2 Dex+2, Elem, Range} (curse)
rNeg    . . .        H - +7 swamp dragon scales "Pangnostic Monotheism" {rPois, rP+, Elem, Sorc} (curse)
rPois   +            (helmet restricted)
rElec   +            G - +2 cloak of Ouranomancy {rF+, Elem, Bglg} (curse)
rCorr   +            (gloves unavailable)
SInv    +            (boots unavailable)
Will    ++...        d - amulet "Lashed Anarchy" {RegenMP, Elem, Comp} (curse) Stlth
                     X - ring "Enlightened Sorrow" {rC+ Will+, Self, Elem} (curse)
HPRegen 0.75/turn    Z - ring "Ordeal of Ashenzari" {rElec rF+ rCorr MP+9 Dex-3, Sorc, Self} (curse)
MPRegen 0.73/turn

%: clarity
@: lightly drained
A: large, unfitting armour, horns 1, tough skin 1, double potion healing,
drunken brawling, low MP 1, mutation resistance 1, robust 1, MP-powered wands
0: Orb of Zot
}: 3/15 runes: decaying, slimy, gossamer
a: Renounce Religion, Curse Item, Shatter the Chains


You escaped.
You worshipped Ashenzari.
Ashenzari was extremely pleased with you.
You visited 11 branches of the dungeon, and saw 52 of its levels.
You visited 2 bazaars.
You visited 1 ziggurat, and saw 7 of its levels.
You also visited: Ice Cave and Volcano.

You collected 7184 gold pieces.
You spent 4176 gold pieces at shops.

Inventory:

Hand Weapons
 a - the cursed +9 demon whip of the Sibylline Planets (weapon) {venom, Comp, Elem}
   (You took it off Amaemon on level 2 of the Lair of Beasts)

   It has a curse which improves the following skills: Companions: Summonings
   and Necromancy.
   Elements:  Fire Magic, Ice Magic, Air Magic and Earth Magic.
Missiles
 x - 71 large rocks {!d}
 S - 10 curare-tipped darts
 T - a throwing net {=f, !d}
Armour
 b - a +1 cloak of willpower
   (You took it off a draconian stormcaller on level 2 of the Realm of Zot)
 v - the cursed +5 kite shield of the Eternal Sage (worn) {Will- Int+2 Dex+2, Elem, Range}
   (You took it off Asterion on level 2 of the Spider Nest)

   Int+2:     It affects your intelligence (+2).
   Dex+2:     It affects your dexterity (+2).
   Will-:     It decreases your willpower.
   It has a curse which improves the following skills: Elements: Fire Magic, Ice
   Magic, Air Magic and Earth Magic.
   Ranged Combat: Ranged Weapons and Throwing.
 G - the cursed +2 cloak of Ouranomancy (worn) {rF+, Elem, Bglg}
   (You found it in a volcano)

   It has a curse which improves the following skills: Elements: Fire Magic, Ice
   Magic, Air Magic and Earth Magic.
   Beguiling: Hexes and Translocations.
 H - the cursed +7 swamp dragon scales "Pangnostic Monotheism" (worn) {rPois, rP+, Elem, Sorc}
   (You found it on level 4 of the Swamp)

   rPois:     It protects you from poison It has a curse which improves the
   following skills: Elements: Fire Magic, Ice Magic, Air Magic and Earth Magic.
   Sorcery:   Conjurations and Alchemy.
Jewellery
 d - the cursed amulet "Lashed Anarchy" (around neck) {RegenMP, Elem, Comp}
   (You found it on level 12 of the Dungeon)

   [amulet of magic regeneration]

   RegenMP:   It increases your rate of magic regeneration.
   It has a curse which improves the following skills: Elements: Fire Magic, Ice
   Magic, Air Magic and Earth Magic.
   Companions: Summonings and Necromancy.
 V - the ring of Day {^Drain +Blink rC+ rCorr Stlth+}
   (You found it on level 5 of the Pits of Slime)

   [ring of protection from cold]

   rC+:       It protects you from cold.
   +Blink:    It lets you blink.
   rCorr:     It protects you from acid and corrosion.
   ^Drain:    It drains your maximum health when unequipped.
   Stlth+:    It makes you more stealthy.
 X - the cursed ring "Enlightened Sorrow" (left hand) {rC+ Will+, Self, Elem}
   (You found it in an ice cave)

   [ring of protection from cold]

   rC+:       It protects you from cold.
   Will+:     It increases your willpower.
   It has a curse which improves the following skills: Introspection: Fighting
   and Spellcasting.
   Elements:  Fire Magic, Ice Magic, Air Magic and Earth Magic.
 Z - the cursed ring "Ordeal of Ashenzari" (right hand) {rElec rF+ rCorr MP+9 Dex-3, Sorc, Self}
   (You took it off a deep elf demonologist on level 2 of the Elven Halls)

   [ring of magical power]

   Dex-3:     It affects your dexterity (-3).
   rF+:       It protects you from fire.
   rElec:     It insulates you from electricity.
   MP+9:      It affects your magic capacity (+9).
   rCorr:     It protects you from acid and corrosion.
   It has a curse which improves the following skills: Sorcery: Conjurations and
   Alchemy.
   Introspection: Fighting and Spellcasting.
Talismans
 m - the serpent talisman "Xeacicop" {rN+++ Dex-2}
   (You took it off Aizul on level 4 of the Swamp)

   [serpent talisman]

   Dex-2:     It affects your dexterity (-2).
   rN+++:     It renders you almost immune to negative energy.
Wands
 j - a wand of mindburst (12)
   (You found it on level 8 of the Dungeon)
 w - a wand of polymorph (60)
   (You found it on level 6 of the Dungeon)
 E - a wand of charming (53)
   (You found it on level 5 of the Dungeon)
 J - a wand of flame (92)
   (You found it on level 7 of the Dungeon)
 P - a wand of roots (63)
   (You found it on level 2 of the Lair of Beasts)
 W - a wand of acid (16)
   (You bought it in a shop on level 11 of the Dungeon)
 Y - a wand of digging (25)
   (You found it on level 4 of the Swamp)
Scrolls
 c - 5 scrolls of fog
 e - 7 scrolls of poison {!r}
 g - 5 scrolls of amnesia
 p - 9 scrolls of blinking {!r!d}
 q - 7 scrolls of vulnerability {!r!r}
 s - a scroll of butterflies
 y - 5 scrolls of revelation
 B - 13 scrolls of teleportation {!r!d, @r3}
 C - 3 scrolls of brand weapon
 D - 5 scrolls of fear
 L - 2 scrolls of immolation {!r}
 R - 2 scrolls of silence
Potions
 f - 12 potions of attraction {!q}
 h - 3 potions of berserk rage {!q}
 i - 19 potions of curing {@q1, !d}
 k - 3 potions of enlightenment
 l - 4 potions of haste
 n - 2 potions of heal wounds {@q2, !d}
 o - 4 potions of ambrosia
 r - 8 potions of mutation {!q}
 t - 6 potions of magic
 z - 10 potions of might
 A - 8 potions of cancellation
 F - 5 potions of brilliance
 I - 5 potions of invisibility
 M - 4 potions of resistance
 U - 8 potions of lignification {!q}
Miscellaneous
 u - a box of beasts
   (You found it on level 2 of the Orcish Mines)
 N - a lightning rod (4/4)
   (You found it in an ice cave)
 O - a phantom mirror
   (You found it on level 3 of the Spider Nest)
 Q - a phial of floods
   (You found it on level 4 of the Spider Nest)


   Skills:
 - Level 22.2(25.0) Fighting
 - Level 9.9(10.0) Maces & Flails
 - Level 1.0(6.2) Staves
 - Level 11.0 Armour
 - Level 9.0 Dodging
 - Level 1.0 Stealth
 - Level 11.0 Shields
 - Level 18.0(21.0) Spellcasting
 + Level 22.8(25.5) Conjurations
 - Level 9.3(11.5) Hexes
 - Level 13.9(17.0) Summonings
 - Level 5.0(7.1) Translocations
 - Level 5.4(11.6) Fire Magic
 - Level 2.2(6.9) Ice Magic
 - Level 20.6(27) Air Magic
 - Level 4.0 Evocations


You had 10 spell levels left.
You knew the following spells:

 Your Spells              Type           Power      Damage    Failure   Level
a - Maxwell's Capacitive  Air            51%        ∞         1%          8
b - Passage of Golubria   Tloc           58%        N/A       2%          4
c - Summon Mana Viper     Hex/Summ       78%        N/A       1%          5
d - Chain Lightning       Conj/Air       51%        3d68      9%          9
e - Summon Cactus Giant   Summ           42%        N/A       1%          6
f - Summon Forest         Summ/Tloc      36%        N/A       1%          5
g - Freezing Cloud        Conj/Ice/Air   45%        6-21      1%          5
j - Plasma Beam           Fire/Air       44%        2x1d58    1%          6
n - Spellforged Servitor  Conj/Summ      46%        N/A       1%          7
S - Swiftness             Air            100%       N/A       0%          3

Your spell library contained the following spells:

 Spells                   Type           Power      Damage    Failure   Level
 Magic Dart               Conj           100%       1d8       0%          1
 Shock                    Conj/Air       100%       1d9       0%          1
 Searing Ray              Conj           100%       2d8       0%          2
 Static Discharge         Conj/Air       100%       3-8/arc   0%          2
 Dazzling Flash           Conj/Hex       100%       N/A       0%          3
 Mephitic Cloud           Conj/Alch/Air  85%        N/A       0%          3
 Airstrike                Air            51%        2d(8-24)  0%          4
 Summon Lightning Spire   Summ/Air       94%        N/A       0%          4
 Arcjolt                  Conj/Air       51%        1d61      0%          5
 Iskenderun's Battlesphe  Conj           100%       2d15      0%          5
 Conjure Ball Lightning   Conj/Air       51%        3x3d18    0%          6
 Sting                    Conj/Alch      100%       1d9       1%          1
 Mercury Vapours          Alch/Air       100%       N/A       1%          2
 Frozen Ramparts          Ice            100%       1d16      1%          3
 Inner Flame              Hex/Fire       71%        N/A       1%          3
 Ozocubu's Armour         Ice            57%        N/A       1%          3
 Tukima's Dance           Hex            71%        N/A       1%          3
 Brom's Barrelling Bould  Conj/Erth      75%        2d9       1%          4
 Cause Fear               Hex            35%        N/A       1%          4
 Dimensional Bullseye     Hex/Tloc       32%        N/A       1%          4
 Flame Wave               Conj/Fire      87%        2d19      1%          4
 Fulminant Prism          Conj/Alch      37%        3d17      1%          4
 Iskenderun's Mystic Bla  Conj/Tloc      82%        2d16      1%          4
 Summon Blazeheart Golem  Fire/Summ      78%        N/A       1%          4
 Vhi's Electric Charge    Tloc/Air       100%       N/A       1%          4
 Fireball                 Conj/Fire      43%        3d17      1%          5
 Silence                  Hex/Air        44%        N/A       1%          5
 Orb of Destruction       Conj           50%        9d13      1%          7
 Manifold Assault         Tloc           58%        N/A       2%          4
 Metabolic Englaciation   Hex/Ice        32%        N/A       2%          5
 Sticky Flame             Fire/Alch      54%        2d10      3%          4
 Vampiric Draining        Necr           28%        2d8       11%         3
 Leda's Liquefaction      Alch/Erth      14%        N/A       30%         4
 Petrify                  Alch/Erth      29%        N/A       30%         4
 Animate Dead             Necr           28%        N/A       34%         4
 Olgreb's Toxic Radiance  Alch           28%        N/A       34%         4
 Dispersal                Tloc           29%        N/A       34%         6
 Curse of Agony           Necr           28%        N/A       67%         5
 Haunt                    Necr/Summ      31%        N/A       69%         7
 Lehudib's Crystal Spear  Conj/Erth      37%        10d9      75%         8
 Sculpt Simulacrum        Ice/Alch       22%        N/A       80%         6
 Ozocubu's Refrigeration  Ice            28%        4d13      90%         7
 Fire Storm               Conj/Fire      43%        8d11      90%         9
 Discord                  Hex            35%        N/A       94%         8
 Dragon's Call            Summ           42%        N/A       98%         9
 Disjunction              Tloc           29%        N/A       100%        8
 Death's Door             Necr           14%        N/A       100%        9
 Shatter                  Erth           15%        3d15*     100%        9


Dungeon Overview and Level Annotations

Branches:
Dungeon (15/15)            Temple (1/1) D:6            Lair (5/5) D:10
  Swamp (4/4) Lair:3       Spider (4/4) Lair:2        Slime (5/5) Lair:4
    Orc (2/2) D:10            Elf (3/3) Orc:2        Vaults (4/5) D:14
  Crypt (0/3) Vaults:2     Depths (4/4) D:15            Zot (5/5) Depths:4
  IceCv (visited)         Volcano (visited)

Altars:
Ashenzari
Cheibriados
Dithmenos
Elyvilon
Fedhas
Gozag
Hepliaklqana
Kikubaaqudgha
Makhleb
Nemelex Xobeh
Okawaru
Qazlal
Ru
Sif Muna
Trog
Uskayaw
Vehumet
Wu Jian
Xom
Yredelemnul
Zin
The Shining One

Shops:
D:5 !   D:11 *!   D:15 !:   Orc:2 *[*   Elf:1 ??(   Elf:2 (   Vaults:1 *
Vaults:3 [   Depths:1 (

Portals:
Hell: Depths:1 Depths:2 Depths:3 Depths:4
Abyss: Depths:3
Pandemonium: Depths:2

Annotations:
D:3 Ijyb
D:7 1 runed translucent door, Crazy Yiuf
Elf:2 3 runed translucent doors
Vaults:1 exclusion: orange crystal statue
Vaults:4 1 runed translucent door
Depths:1 3 runed translucent doors, Cofabior's ghost, veteran GnWn; Cyommoer's ghost, adept DEHW; Kyleoruez's ghost, veteran GnWn; Oxzi's ghost, adept DEHW


Innate Abilities, Weirdness & Mutations

You are too large for most types of armour.
You have a pair of small horns on your head.
You have tough skin. (AC +1)
You gain doubled healing and magic from potions.
Whenever you drink a healing potion, you attack all around you.
Your magical capacity is low. (-10% MP)
You are somewhat resistant to further mutation.
You are robust. (+10% HP)
You expend magic power (3 MP) to strengthen your wands.


Message History

You now have 0/52 mp.
You whack the lorocyproca! You whack the lorocyproca!
You headbutt the lorocyproca, but do no damage.
The lorocyproca completely misses you.
Unknown command.
You whack the lorocyproca!
The lorocyproca looks as sick as possible!
You headbutt the lorocyproca, but do no damage.
You block the lorocyproca's attack.
You closely miss the lorocyproca.
Unknown command.
You completely miss the lorocyproca. The lorocyproca hits you!
You feel your power leaking away.
You feel as though you will be weak longer.
You take 17 damage, and have 259/326 hp.
You now have 0/52 mp.
You hit the lorocyproca but do no damage.
The lorocyproca looks as sick as possible!
You headbutt the lorocyproca, but do no damage.
The lorocyproca hits you but does no damage.
Unknown command.
You hit the lorocyproca. Your headbutt misses the lorocyproca.
You hit the lorocyproca.
The lorocyproca looks as sick as possible!
The lorocyproca hits you.
You feel your power leaking away.
You hit the lorocyproca but do no damage.
Your headbutt misses the lorocyproca. The lorocyproca barely misses you.
You hit the lorocyproca. You block the lorocyproca's attack.
Unknown command.
You closely miss the lorocyproca. Your headbutt misses the lorocyproca.
You hit the lorocyproca. The lorocyproca barely misses you.
Unknown command.
You barely miss the lorocyproca.
You headbutt the lorocyproca, but do no damage.
You block the lorocyproca's attack.
Unknown command.
You whack the lorocyproca!
You kill the lorocyproca!
Unknown command.
No target in view!
No target in view!
Unknown command.
(D) Dungeon (T) Temple (L) Lair (S) Swamp (N) Spider Nest (M) Slime Pits (O) Orcish Mines (E) Elven Halls (V) Vaults (C) Crypt (U) Depths (H) Hell (Z) Zot
Where to? (Tab/Enter - D:1, ? - help)
A daeva comes into view.
It is wielding a +4 long sword of holy wrath.
You regained 8 hp, and now have 271/327 hp.
You regained 8 mp, and now have 11/52 mp.
Unknown command.
Unknown command.
Casting: Spellforged Servitor (mildly dangerous; 1% risk of failure)
You begin accumulating electric charge. (Press . to continue charging.)
You feel charge building up...
You now have 4/52 mp.
You feel charge building up...
You feel charge building up...
Your spellforged servitor disappears in a puff of smoke!
The daeva calls down the wrath of the Shining One upon you.
The Shining One smites you!
You take 8 damage, and have 264/327 hp.
The electricity discharges through the daeva!!!!
The daeva vaporises in an electric haze!
You kill the daeva!
(D) Dungeon (T) Temple (L) Lair (S) Swamp (N) Spider Nest (M) Slime Pits (O) Orcish Mines (E) Elven Halls (V) Vaults (C) Crypt (U) Depths (H) Hell (Z) Zot
Where to? (Tab/Enter - D:1, ? - help)
Your attacks no longer feel as feeble.
There is a stone staircase leading up here.
You climb upwards.
Level annotation: Ijyb
There is a stone staircase leading down here.
There is a stone staircase leading up here.
You climb upwards.
There is a stone staircase leading down here.
You see here a rat skeleton.
There is a stone staircase leading up here.
You climb upwards.
There is a stone staircase leading down here.
You regained 48 hp, and now have 314/330 hp.
MP restored: 52 You enter the shallow water.
You enter the shallow water.
You enter the shallow water.
Health restored: 330
Aiming: Dig
Press: ? - help, Shift-Dir - straight line A rock wall.
This square is covered in magical glow.
You feel a surge of power!
The rock shatters into small pieces.
You now have 50/52 mp.
MP restored: 52
There is a staircase leading out of the dungeon here.
You have escaped!

......#.###.#
######..###..###
########.##.#
####.###.÷... ##.#.#
####......÷÷>.##
##..#####♣.##.######.#.#
##.##..♣.♣.#.#......#.#
#...#♣.♣##..#.######.##
###.##..♣##.#..........
###♣..♣##.#####......
♣@♣##............. #♣#
########...... #......
#######


There were no monsters in sight!

Vanquished Creatures
  the Royal Jelly (Slime:5)
  Dissolution (Slime:2)
  2 dread liches (Depths:4 Zot:5)
  3 ancient liches (Zig:3 Zig:4 Zot:5)
  Mennas (Vaults:2)
  4 orbs of fire (Zot:5)
  Mara (Swamp:3)
  the Lernaean hydra (Swamp:4)
  2 curse toes (Zot:4 Zot:5)
  Boris (twice) (Vaults:2 Depths:3)
  7 Killer Klowns (Zot:5)
  2 caustic shrikes (D:15)
  7 golden dragons (Depths:1 Zot:1 Zot:3 Zot:4 Zot:5)
  2 Brimstone Fiends (Depths:3 Zig:2)
  2 electric golems (Zot:5)
  Arachne (Spider:4)
  16 tentacled monstrosities (Depths:3 Zot:1 Zot:2 Zot:3 Zot:4)
  An Ice Fiend (Depths:3)
  15 Orb Guardians (Zot:5 Zot:4)
  Mlioglotl (Swamp:4)
  Asterion (Spider:2)
  4 deep elf blademasters (Elf:3)
  A walking divine tome (D:15)
  7 quicksilver dragons (Depths:3 Zot:4 Zot:5)
  The ghost of Gryn the Warrior, an adept HOBe of Trog (Spider:3)
  An Executioner (Zot:4)
  13 acid blobs (Slime:2 Slime:5 Slime:4)
  4 death cobs (Zot:1 Zot:2 Zot:3)
  2 deep elf master archers (Elf:3)
  10 storm dragons (Depths:3 Zot:1 Zot:2 Zot:3 Zot:4)
  A thorn hunter (Zig:6)
  11 shadow dragons (D:15 Depths:4 Zot:1 Zot:3 Zot:4)
  Aizul (Swamp:4)
  4 draconian monks (Zot:1 Zot:2 Zot:4 Zot:5)
  2 fenstrider witches (Zig:6)
  4 azure jellies (Slime:2 Slime:4 Slime:5)
  3 protean progenitors (Zot:1)
  6 fire giants (Depths:4 Zig:3 Zot:4)
  4 daevas (Depths:3 D:4)
  4 emperor scorpions (Spider:3 Spider:4 Zig:5)
  2 iron dragons (D:15 Depths:2)
  12 vault wardens (Vaults:1 Vaults:2 Vaults:3 Vaults:4)
  3 rockslimes (Slime:5)
  5 deep elf sorcerers (Elf:1 Elf:2 Elf:3)
  3 frost giants (D:15 Depths:1 Depths:2)
  5 balrugs (Depths:2 Depths:3)
  5 draconian scorchers (Depths:4 Zot:1 Zot:2 Zot:5)
  4 draconian shifters (Zot:2 Zot:5)
  8 draconian knights (Depths:4 Zot:1 Zot:3 Zot:4 Zot:5)
  8 ghost moths (Spider:4 Zig:5 Zot:4 Zot:5)
  A ghoul (Swamp:3)
  A reaper (Depths:2)
  7 deep elf elementalists (Elf:3)
  3 orc warlords (Vaults:2 Vaults:3)
  3 draconian stormcallers (Zot:2 Zot:1 Zot:5)
  5 broodmothers (Lair:2 Spider:2 Spider:3 Zot:1)
  3 stone giants (Depths:2 Depths:3 Depths:4)
  6 draconian annihilators (Depths:4 Zot:1 Zot:3)
  12 ironbound preservers (Vaults:1 Vaults:2 Vaults:3)
  10 very ugly things (Depths:1 Depths:3 Depths:4)
  2 spriggan defenders (Depths:4)
  14 quicksilver oozes (Slime:2 Slime:3 Slime:4 Slime:5)
  4 formless jellyfish (Vaults:1 Vaults:2 Vaults:3)
  4 eleionomae (Swamp:1 Swamp:3)
  4 angels (Depths:3)
  4 vampire knights (Depths:2 Depths:3 Depths:4)
  8 ironbound thunderhulks (D:14 Vaults:1 Vaults:2 Vaults:3 Vaults:4)
  13 black draconians (Depths:4 Zot:1 Zot:2 Zot:3 Zot:4)
  5 deep elf demonologists (Orc:2 Elf:1 Elf:2 Elf:3)
  6 green draconians (Zot:2 Zot:3 Zot:4 Zot:5)
  A lorocyproca (D:4)
  5 deep elf death magi (Elf:3)
  14 dire elephants (Vaults:1 Vaults:2 Vaults:3 Vaults:4)
  7 bunyips (Swamp:1 Swamp:2 Swamp:3)
  6 deep elf annihilators (Elf:1 Elf:2 Elf:3)
  5 white draconians (Zot:2 Zot:4 Zot:5)
  12 purple draconians (Depths:4 Zot:2 Zot:3 Zot:4 Zot:5)
  9 red draconians (Zot:2 Zot:3 Zot:4 Zot:5)
  16 yellow draconians (Depths:4 Zot:1 Zot:2 Zot:3 Zot:4)
  2 spark wasps (Depths:1 Zot:2)
  The ghost of ninjaread99 the Destroyer, a journeyman DrCj of Vehumet (Orc:2)
  6 ettins (D:15 Depths:2 Depths:4 Depths:3)
  3 blizzard demons (Depths:3)
  8 yaktaur captains (Vaults:1 Vaults:2 Vaults:3 Vaults:4)
  7 fire dragons (D:15 Depths:1 Depths:3 Depths:4 Zot:2)
  2 deep elf high priests (Elf:3)
  A jiangshi (Zig:4)
  A shambling mangrove (Swamp:3)
  2 entropy weavers (Vaults:3)
  2 ice dragons (Depths:1 Depths:4)
  7 vault guards (Vaults:2 Vaults:3 Vaults:4)
  2 rakshasas (Depths:2 Depths:3)
  18 hydras (Lair:1 D:15 Swamp:2 Swamp:3 Swamp:4)
  7 ironbound frosthearts (Vaults:1 Vaults:3 Vaults:4)
  2 great orbs of eyes (Vaults:2 Vaults:4)
  A spectral tengu (Depths:4)
  10 alligators (Swamp:2 Swamp:3 Swamp:4 Zig:6)
  6 spriggan air magi (Depths:2 Depths:3 Depths:4)
  3 death knights (Vaults:2 Depths:3)
  The ghost of Ceno the Covert, a journeyman VSEE of Uskayaw (Lair:3)
  A catoblepas (Lair:5)
  A radroach (Spider:4)
  7 boulder beetles (D:13 Lair:1 Spider:3 Spider:4 Vaults:2)
  6 jorogumos (Spider:2 Spider:3 Spider:4)
  7 centaur warriors (D:13 D:14 D:15 Vaults:1 Vaults:2)
  A hell hog (Volcano)
  A deep troll earth mage (Depths:4)
  3 two-headed ogres (D:10 D:12 D:14)
  4 orc high priests (Orc:2)
  3 spriggan berserkers (D:15 Depths:1 Depths:4)
  6 demonic crawlers (Lair:2 Spider:1 Spider:2 Spider:3 Spider:4)
  A tengu warrior (Orc:2)
  4 vampire magi (Depths:1 Zig:4)
  2 death yaks (Lair:5)
  5 dancing weapons (Elf:1 Elf:2 Elf:3)
  An occultist (Depths:1)
  A hell knight (D:15)
  4 deep elf knights (Orc:2 Elf:1 Elf:3)
  5 skeletal warriors (Depths:3 Depths:4)
  4 spriggans (Swamp:1 Swamp:3)
  2 sun demons (Depths:2 Depths:3)
  4 skysharks (Zot:1 Zig:1)
  A storm dragon zombie (Depths:4)
  A fire crab (Lair:5)
  2 flayed ghosts (Depths:4)
  A sixfirhy (Depths:2)
  An iron troll (Depths:4)
  10 pharaoh ants (Spider:2 Spider:3 Spider:4)
  3 goliath frogs (Swamp:1 Zot:1)
  6 spriggan druids (Swamp:2 Swamp:3)
  3 glowing orange brains (D:8 Depths:3 Depths:4)
  6 cherubim (Depths:3)
  22 deep trolls (Vaults:1 Vaults:2 Vaults:3 Vaults:4 Depths:2)
  13 arcanists (Vaults:1 Vaults:2 Vaults:3 Vaults:4 Elf:1)
  11 orb spiders (Spider:2 Spider:3 Spider:4)
  9 ironbound convokers (Vaults:1 Vaults:2 Vaults:3 Vaults:4)
  6 steelbarb worms (Spider:1 Lair:2 Spider:2 Spider:3 Spider:4)
  2 sun moths (Spider:4)
  9 swamp dragons (Lair:3 Swamp:1 Swamp:2 Swamp:4)
  6 deep elf archers (Elf:2 Depths:2)
  11 bog bodies (Swamp:2 Swamp:4)
  16 orc knights (Orc:2 Vaults:2 Vaults:3)
  A tengu zombie (Vaults:3)
  9 deep elf zephyrmancers (Elf:1 Elf:2 Elf:3)
  17 deep elf pyromancers (Elf:1 Elf:2 Elf:3)
  3 harpies (Vaults:3)
  A salamander (Depths:2)
  27 ugly things (D:14 D:8 Vaults:1 Vaults:3 Vaults:4)
  21 wolf spiders (Spider:2 Spider:3 Spider:4 Zig:5 Zot:1)
  4 lindwurms (Lair:5 Vaults:3)
  18 moths of wrath (Lair:3 Spider:1 Spider:2 Zot:1 Zot:2)
  4 shining eyes (Slime:2 Slime:5)
  2 necromancers (D:15 Depths:4)
  2 manticores (D:12 D:13)
  3 will-o-the-wisps (Swamp:1 Swamp:2 Zig:6)
  3 oklob plants (Lair:4)
  A faun (shapeshifter) (Depths:1)
  A cyclops (D:13)
  A meliai (shapeshifter) (Elf:2)
  An elephant (Lair:5)
  2 large abominations (Zot:4)
  5 meliai (D:13 Spider:4)
  3 black mambas (Lair:4 Lair:5 Lair:3)
  2 gargoyles (D:10 D:13)
  3 eyes of devastation (Slime:2 Slime:5)
  2 water nymphs (Zot:1)
  12 vault sentinels (Vaults:1 Vaults:2 Vaults:3 Vaults:4)
  3 torpor snails (Spider:2 Spider:1 Spider:4)
  2 cane toads (Lair:4 Lair:3)
  2 smoke demons (Depths:2 Depths:3)
  A hellion (Zot:5)
  An unseen horror (D:12)
  An unseen horror (shapeshifter) (D:8)
  4 komodo dragons (Lair:2 Lair:4 D:12)
  3 efreet (D:13 D:14)
  Psyche (D:8)
  25 yaktaurs (Vaults:1 Vaults:2 Vaults:3 Vaults:4)
  2 ice devils (Depths:3)
  A freezing wraith (Vaults:2)
  A red devil (Zot:5)
  A tengu conjurer (Depths:4)
  A bloated husk (Swamp:3)
  6 tyrant leeches (Swamp:2 Swamp:3)
  2 trolls (D:10)
  15 tarantellas (Lair:2 Spider:1 Spider:2 Spider:4)
  3 glass eyes (Depths:1 Depths:4 Slime:3)
  10 blink frogs (Lair:2 Lair:3 Lair:4 Lair:5)
  3 hornets (Swamp:1 Swamp:3)
  Prince Ribbit (D:5)
  77 slime creatures (D:15 Vaults:1 Vaults:2 Vaults:3 Vaults:4)
  20 jumping spiders (Spider:2 Spider:1 Spider:3 Spider:4)
  4 water elementals (Elf:1 Elf:2)
  3 air elementals (Elf:3)
  2 fire elementals (Elf:2 Elf:3)
  A shadow (D:11)
  A wraith (D:14)
  17 culicivoras (Spider:2 Spider:3 Spider:4)
  2 basilisks (D:14 Lair:3)
  3 humans (D:14)
  A warg (Orc:2)
  4 wyverns (D:6 D:7 Lair:1 Lair:2)
  2 steam dragons (D:9)
  2 vampire mosquitoes (Swamp:1)
  10 yaks (D:9 Lair:5)
  A neqoxec (D:8)
  47 redbacks (Lair:2 Spider:1 Spider:2 Spider:3 Spider:4)
  3 acid dragons (D:7 D:12)
  3 nameless horrors (Lair:5 IceCv Swamp:3)
  11 swamp worms (Swamp:1 Swamp:2 Swamp:3 Swamp:4)
  9 water moccasins (D:5 D:6 Lair:2 Lair:4 Lair:5)
  3 sky beasts (D:7 D:8)
  7 swamp drakes (Swamp:4)
  2 ice beasts (D:6 D:5)
  6 orc warriors (D:9 D:10 Orc:2)
  2 laughing skulls (D:14)
  A black bear (D:5)
  5 ogres (D:10 Orc:1 Orc:2)
  7 wolves (D:7 D:10 Lair:1)
  5 boggarts (Vaults:3 Vaults:2)
  8 centaurs (D:6 D:7 D:8 D:10 D:13)
  4 kobold brigands (D:7 D:9 D:10)
  3 phantoms (D:5 D:6)
  An earth elemental (Elf:2)
  10 bullfrogs (D:7 Lair:1 Lair:2 Lair:3)
  3 gnoll sergeants (D:7 D:9 D:10)
  4 scorpions (D:5 D:7)
  A glowing shapeshifter simulacrum (IceCv)
  17 wights (D:6 D:7 D:8)
  A killer bee (D:5)
  5 electric eels (D:10)
  10 howler monkeys (D:7 D:8 D:9 D:10)
  2 lava snakes (Volcano)
  7 hounds (D:4 D:6 D:10)
  A water moccasin simulacrum (D:5)
  2 bombardier beetles (D:5 D:6)
  A gnoll bouda (D:7)
  10 orc priests (D:7 D:8 D:9 D:12 Orc:1)
  2 iguanas (D:5 D:6)
  5 orc wizards (D:6 D:7 D:8 D:9 D:10)
  A shapeshifter simulacrum (IceCv)
  Robin (D:4)
  15 gnolls (D:7 D:8 D:9 D:10)
  7 adders (D:2 D:3 D:5 D:6)
  2 shadow imps (D:5 D:7)
  2 white imps (D:4 D:6)
  A dart slug (D:1)
  4 ribbon worms (D:2 D:3)
  An adder simulacrum (D:5)
  38 orcs (D:4 D:6 D:7 D:8 D:9)
  11 endoplasms (D:1 D:2 D:3 D:4)
  2 giant cockroaches (D:4)
  18 goblins (D:1 D:2 D:3 D:4)
  6 hobgoblins (D:2 D:4)
  7 jackals (D:1 D:4)
  15 kobolds (D:1 D:2 D:3 D:4 D:7)
  3 quokkas (D:1 D:2 D:3)
  4 ball pythons (D:1 D:2 D:3)
  3 bats (D:1 D:2 D:3)
  11 rats (D:1 D:2 D:3)
  3 aspiring fleshes (Zot:1)
  3 snaplasher vines (Vaults:4)
1458 creatures vanquished.

Vanquished Creatures (collateral kills)
  Jorgrun (D:12)
  2 tentacled monstrosities (Zot:2 Zot:4)
  2 quicksilver dragons (D:15 Zot:1)
  8 Orb Guardians (Zot:5)
  2 deep elf master archers (Depths:2)
  9 acid blobs (Slime:2 Slime:4 Slime:5)
  2 shadow dragons (Zot:2 Zot:3)
  2 rockslimes (Slime:2 Slime:3)
  3 draconian monks (Zot:1 Zot:2 Zot:3)
  A fenstrider witch (Zig:6)
  2 fire giants (D:15 Depths:4)
  5 protean progenitors (Zot:1 Zot:2)
  4 azure jellies (IceCv Slime:3 Slime:4 Slime:5)
  A deep elf sorcerer (Elf:3)
  A draconian knight (Zot:1)
  A frost giant (Depths:3)
  2 vault wardens (Vaults:2 Vaults:3)
  A balrug (Depths:3)
  6 draconian shifters (Zot:1 Zot:2 Zot:3)
  2 ghost moths (Spider:3 Zig:5)
  5 draconian scorchers (Zot:1 Zot:2 Zot:3)
  3 draconian annihilators (Zot:2 Zot:4 Zot:5)
  A ghoul (Swamp:3)
  2 orc warlords (Orc:2 Vaults:2)
  13 quicksilver oozes (IceCv Lair:4 Slime:2 Slime:3 Slime:4)
  2 formless jellyfish (Slime:2)
  4 draconian stormcallers (Zot:2 Zot:4 Zot:5)
  A broodmother (Spider:3)
  5 very ugly things (Depths:1 Depths:3 Depths:4)
  8 stone giants (D:15 Depths:1 Depths:4)
  3 ironbound preservers (Vaults:1 Vaults:2 Vaults:3)
  An ironbound thunderhulk (Vaults:2)
  An eleionoma (Swamp:1)
  4 yellow draconians (Zot:3 Zot:4)
  4 deep elf death magi (Elf:3 Depths:3)
  4 black draconians (Zot:1 Zot:2 Zot:3 Zot:5)
  3 green draconians (Depths:4 Zot:1 Zot:4)
  8 purple draconians (Zot:1 Depths:4 Zot:3 Zot:4)
  A dire elephant (Vaults:3)
  5 red draconians (Zot:1 Zot:2 Zot:3 Zot:4)
  5 white draconians (Depths:4 Zot:2 Zot:3 Zot:4)
  2 bunyips (Swamp:3)
  The ghost of Pokonic1 the Fighter, a journeyman OnEE of Vehumet (D:8)
  Snorg (D:14)
  4 spark wasps (Spider:2 Spider:3 Depths:1 Zot:2)
  5 fire dragons (D:15 Depths:4 Zot:2)
  An entropy weaver (Vaults:4)
  4 ettins (Orc:2 D:15 Depths:2)
  2 yaktaur captains (Vaults:3)
  Fannar (D:11)
  3 ice dragons (Depths:1)
  7 hydras (Lair:4 Lair:5 D:15 Swamp:1 Swamp:3)
  A rakshasa (D:15)
  2 vault guards (D:14 Vaults:4)
  A spriggan air mage (Depths:3)
  2 ironbound frosthearts (Vaults:2 Vaults:3)
  7 centaur warriors (Vaults:1 Vaults:2 Depths:2)
  2 boulder beetles (D:15 Spider:3)
  2 two-headed ogres (D:12 Orc:2)
  2 dancing weapons (Elf:1 Orc:2)
  11 death yaks (Lair:5)
  3 radroaches (Spider:3 Spider:4)
  4 deep troll shamans (Lair:5 Depths:2 Depths:3)
  A deep troll earth mage (D:15)
  A hell hog (Zig:2)
  3 demonic crawlers (Spider:2 Spider:3)
  3 soul eaters (Depths:2 Depths:3)
  3 tengu warriors (D:13 D:15)
  Sonja (D:12)
  A hell knight (Depths:1)
  A spriggan (Depths:4)
  2 orc high priests (Orc:2)
  2 deep elf knights (Elf:1)
  A fire crab (Volcano)
  Amaemon (Lair:2)
  5 skeletal warriors (D:11)
  A pharaoh ant (Spider:2)
  A goliath frog (Zot:1)
  An orb spider (Spider:1)
  9 deep trolls (Vaults:1 Vaults:2 Vaults:4 Depths:2)
  A shadow dragon zombie (Vaults:3)
  2 glowing orange brains (Depths:2 Depths:4)
  2 swamp dragons (Lair:3 Swamp:3)
  3 deep elf archers (Elf:2 Depths:2)
  3 necromancers (D:15 Vaults:3)
  2 harpies (Vaults:3)
  An arcanist (Vaults:4)
  3 orc knights (Orc:2)
  3 deep elf zephyrmancers (Elf:1 Elf:3)
  A steelbarb worm (Spider:3)
  3 wolf spiders (Spider:3 Spider:4)
  A stone giant zombie (Vaults:3)
  5 deep elf pyromancers (Elf:1 Elf:2 Elf:3)
  3 will-o-the-wisps (Swamp:1 Swamp:3 Zig:6)
  11 ugly things (D:13 D:8 D:14 Vaults:1 Vaults:3)
  An orc sorcerer (Orc:2)
  2 shining eyes (Slime:2 Slime:5)
  3 cyclopes (D:13 D:14)
  6 moths of wrath (Lair:2 Zot:1 Zot:2)
  6 elephants (Lair:4 Lair:5)
  An ice statue (IceCv)
  A meliai (D:13)
  2 manticores (D:11 D:14)
  3 torpor snails (Spider:2 Spider:3 Zig:5)
  6 black mambas (Lair:2 Lair:3 Lair:4 Lair:5)
  2 cane toads (Lair:5)
  5 vault sentinels (Vaults:1 Vaults:2 Vaults:4)
  2 molten gargoyles (Volcano)
  An orange demon (Lair:2)
  7 komodo dragons (Lair:1 Lair:2 Lair:3 Lair:4 Lair:5)
  8 yaktaurs (Vaults:2 Vaults:3 Vaults:4)
  The ghost of CougarLife the Ruffian, an amateur TrFi (D:5)
  3 polar bears (Lair:5)
  2 tyrant leeches (Swamp:3)
  A queen bee (shapeshifter) (D:8)
  2 hornets (Lair:3 Depths:4)
  2 glass eyes (Slime:3 Slime:5)
  A blink frog (shapeshifter) (D:15)
  2 tarantellas (Spider:1 Spider:3)
  7 dream sheep (Lair:2 Lair:3)
  A dream sheep (shapeshifter) (D:15)
  9 jumping spiders (Lair:2 Spider:1 Spider:2 Spider:3 Spider:4)
  11 blink frogs (Lair:2 Lair:3 Lair:4)
  50 slime creatures (IceCv D:14 D:15 Vaults:1 Vaults:3)
  A culicivora (Spider:2)
  33 yaks (D:10 Lair:4 Lair:5 D:11)
  An air elemental (Elf:2)
  A shadow (D:11)
  A wraith (D:12)
  8 fire bats (Lair:5 Volcano)
  3 wyverns (Lair:4)
  3 nameless horrors (IceCv Spider:1 Depths:2)
  11 wargs (Orc:1 Orc:2)
  A fire elemental (Elf:2)
  A basilisk (Lair:1)
  12 redbacks (Lair:2 Spider:2 Spider:3 Spider:4)
  A steam dragon (Lair:3)
  A vampire mosquito (Swamp:1)
  3 great orb of eyes simulacra (IceCv)
  A glowing shapeshifter zombie (Vaults:3)
  2 swamp worms (Swamp:1 Swamp:3)
  3 hell hounds (Volcano)
  An acid dragon (D:11)
  4 water moccasins (Lair:2 Lair:5)
  20 orc warriors (D:12 Orc:1 Orc:2)
  3 ogres (D:10 Orc:2)
  14 wolves (Lair:1 Lair:5)
  2 boggarts (Elf:1)
  3 slime creature simulacra (IceCv)
  A kobold brigand (D:11)
  5 bullfrogs (D:7 Lair:2 Lair:3)
  A gnoll sergeant (D:10)
  A glowing shapeshifter simulacrum (IceCv)
  An earth elemental (Elf:1)
  Dowan (D:7)
  2 wights (D:7)
  2 howler monkeys (D:12)
  2 lava snakes (Volcano)
  15 orc priests (D:12 Orc:1 Orc:2)
  A water moccasin simulacrum (D:5)
  A hound (D:7)
  4 orc wizards (D:12 Orc:1 Orc:2)
  3 shapeshifter simulacra (IceCv)
  A centaur simulacrum (D:5)
  A killer bee simulacrum (D:5)
  A gnoll (D:10)
  A white imp (D:5)
  An adder simulacrum (D:5)
  45 orcs (D:12 Orc:1 Orc:2)
  4 kobolds (D:11)
665 creatures vanquished.

Vanquished Creatures (others)
  A death cob (Zot:1)
  A dancing weapon (Elf:2)
  A bloated husk (Swamp:4)
  A water elemental (Elf:1)
  26 foxfires (Swamp:1 Swamp:2 Swamp:4 Swamp:3 Zig:6)
  8 snaplasher vines (D:11 D:8 Swamp:3 Vaults:3 Vaults:4)
  2 starspawn tentacles (Swamp:4)
40 creatures vanquished.

Grand Total: 2163 creatures vanquished

Notes
Turn   | Place    | Note
-------+----------+-------------------------------------------
     0 | D:1      | particleface the Oni Wanderer began the quest for the Orb.
     0 | D:1      | particleface set off with the following items: a +0
                  | quarterstaff, a +0 cloak, a scroll of fog, a +0 robe; and
                  | the following spell memorised: Shock; and the following
                  | spells available to memorise: Airstrike, Vhi's Electric
                  | Charge.
     0 | D:1      | Reached XP level 1. HP: 16/16 MP: 2/2
     0 | D:1      | particleface: !lg . onwn
     0 | D:1      | beem: No games for particleface (onwn).
    19 | D:1      | Found a faded altar of an unknown god.
   215 | D:1      | Reached skill level 1 in Fighting
   316 | D:1      | Reached skill level 1 in Conjurations
   316 | D:1      | Reached XP level 2. HP: 27/27 MP: 2/4
   726 | D:1      | Reached skill level 2 in Spellcasting
  1172 | D:2      | Found a burning altar of Makhleb.
  1219 | D:2      | Reached skill level 2 in Fighting
  1227 | D:1      | Reached XP level 3. HP: 34/35 MP: 0/6
  1468 | D:2      | Reached skill level 3 in Fighting
  1804 | D:2      | Noticed a black bear
  2192 | D:2      | Reached skill level 3 in Spellcasting
  2192 | D:2      | Reached XP level 4. HP: 36/45 MP: 0/8
  2199 | D:2      | HP: 19/45 [ribbon worm (7)]
  2215 | D:2      | HP: 16/45 [ball python (1)]
  2708 | D:3      | Found a snail-covered altar of Cheibriados.
  2945 | D:3      | Noticed Ijyb
  3256 | D:3      | Learned a level 4 spell: Airstrike
  3634 | D:4      | Found a glowing silver altar of Zin.
  4014 | D:4      | Noticed Robin
  4049 | D:4      | Reached skill level 4 in Spellcasting
  4052 | D:4      | Reached XP level 5. HP: 53/53 MP: 3/11
  4070 | D:4      | Killed Robin
  4677 | D:4      | Reached skill level 4 in Air Magic
  5251 | D:5      | Entered Level 5 of the Dungeon
  5251 | D:5      | Noticed a phantom
  5268 | D:5      | Killed a phantom
  5269 | D:5      | Reached skill level 5 in Air Magic
  5269 | D:5      | Reached XP level 6. HP: 40/61 MP: 9/12
  5349 | D:5      | Noticed a black bear
  5503 | D:5      | Killed a black bear
  5554 | D:5      | You fall into a shaft and drop 3 floors!
  5611 | D:7      | Noticed Dowan
  5628 | D:7      | Noticed a sky beast
  5771 | D:6      | Noticed an ice beast
  5783 | D:6      | Killed an ice beast
  5784 | D:6      | Reached skill level 6 in Air Magic
  5972 | D:6      | Reached XP level 7. HP: 67/67 MP: 10/13
  5997 | D:6      | Learned a level 3 spell: Mephitic Cloud
  6252 | D:6      | HP: 28/66 [centaur/arrow (6)]
  6448 | D:5      | Noticed Prince Ribbit
  6640 | D:5      | Found Matzod's Distillery.
  6648 | D:5      | Bought a potion of curing for 45 gold pieces
  6648 | D:5      | Bought a potion of might for 60 gold pieces
  6648 | D:5      | Bought a potion of cancellation for 120 gold pieces
  6783 | D:5      | Noticed Eustachio
  6787 | D:5      | Eustachio changed into Eustachio the scorpion
  6787 | D:5      | Noticed Eustachio
  6799 | D:5      | Killed Eustachio the scorpion
  6800 | D:5      | Reached skill level 7 in Air Magic
  7010 | D:5      | Killed Prince Ribbit
  7011 | D:5      | Reached XP level 8. HP: 75/75 MP: 1/14
  7061 | D:5      | Reached skill level 8 in Air Magic
  7223 | D:5      | Found a runed translucent gate.
  7223 | D:5      | Found a runed translucent gate.
  7223 | D:5      | Found a runed translucent gate.
  7388 | D:5      | Found a faded altar of an unknown god.
  7388 | D:5      | Found the Hermit's Pendant {Faith Invo=14 Evo=0 MP+5}
  7608 | D:5      | Noticed CougarLife's ghost (amateur TrFi)
  7656 | D:6      | Reached skill level 9 in Air Magic
  8113 | D:6      | Noticed a wyvern
  8116 | D:6      | Killed a wyvern
  8117 | D:6      | Reached skill level 10 in Air Magic
  8117 | D:6      | Reached XP level 9. HP: 81/81 MP: 11/19
  8348 | D:6      | HP: 39/81 [white imp (2)]
  8353 | D:6      | HP: 31/81 [poisoned by a water moccasin]
  8640 | D:6      | Found a staircase to the Ecumenical Temple.
  8649 | Temple   | Entered the Ecumenical Temple
  8669 | Temple   | Became a worshipper of Ashenzari the Shackled
  9057 | D:7      | Reached skill level 11 in Air Magic
  9515 | D:7      | Noticed Duvessa
  9516 | D:7      | Duvessa changed into Duvessa the wolf
  9516 | D:7      | Noticed Duvessa
  9525 | D:7      | HP: 36/81 [Duvessa the wolf (8)]
  9533 | D:7      | Killed Dowan
  9564 | D:7      | HP: 31/81 [Duvessa the wolf (10)]
  9565 | D:7      | Killed Duvessa the wolf
  9868 | D:7      | Found a runed translucent door.
  9869 | D:7      | Noticed Crazy Yiuf
  9961 | D:7      | Reached skill level 12 in Air Magic
 10224 | D:7      | Noticed Maggie
 10245 | D:7      | Maggie changed into Maggie the acid dragon
 10245 | D:7      | Noticed Maggie
 10250 | D:7      | Reached skill level 5 in Spellcasting
 10253 | D:7      | Reached XP level 10. HP: 51/91 MP: 20/20
 10410 | D:7      | Identified the +8 dagger of Dismemberment {freeze, ^Contam
                  | rF+ Str+3}
 10637 | D:7      | Killed Maggie the acid dragon
 10638 | D:7      | Reached skill level 6 in Spellcasting
 10812 | D:8      | Noticed Psyche
 10814 | D:8      | Killed Psyche
 10815 | D:8      | Reached skill level 7 in Spellcasting
 11384 | D:8      | Reached skill level 8 in Spellcasting
 11512 | D:8      | Reached skill level 4 in Fighting
 11664 | D:8      | Found a white marble altar of Elyvilon.
 11670 | D:8      | Identified the +9 long sword of Sizomu {freeze, rC+}
 11833 | D:8      | Found a runed translucent gate.
 11833 | D:8      | Found a runed translucent gate.
 11834 | D:8      | Found a runed translucent gate.
 11835 | D:8      | Noticed a purple ugly thing
 11835 | D:8      | Noticed a cyan ugly thing
 11835 | D:8      | Noticed a purple ugly thing
 11836 | D:8      | Noticed a cyan ugly thing
 11838 | D:8      | Noticed a cyan ugly thing
 11976 | D:8      | Noticed a glowing orange brain
 12211 | D:8      | Reached * piety under Ashenzari
 12243 | D:9      | Reached skill level 5 in Fighting
 12730 | D:9      | Found a stormy altar of Qazlal.
 12748 | D:9      | Reached skill level 6 in Fighting
 12856 | D:9      | Reached skill level 7 in Fighting
 12856 | D:9      | HP: 49/102 [yak (7)]
 13357 | D:9      | Reached skill level 9 in Spellcasting
 13715 | D:10     | Entered Level 10 of the Dungeon
 13950 | D:10     | Reached XP level 11. HP: 109/109 MP: 9/24
 14080 | D:9      | Reached ** piety under Ashenzari
 14126 | D:10     | Noticed a two-headed ogre
 14129 | D:10     | Killed a two-headed ogre
 14130 | D:10     | Reached skill level 10 in Spellcasting
 14130 | D:10     | Reached skill level 2 in Hexes
 14130 | D:10     | Reached skill level 1 in Summonings
 14226 | D:10     | Found a staircase to the Lair.
 14497 | D:10     | Reached skill level 2 in Summonings
 14507 | D:9      | Learned a level 4 spell: Summon Lightning Spire
 14625 | D:10     | Reached skill level 3 in Hexes
 14932 | D:10     | Reached skill level 3 in Summonings
 14996 | D:10     | Found a shadowy altar of Dithmenos.
 14996 | D:10     | Found a glowing golden altar of the Shining One.
 15000 | D:10     | Found an opulent altar of Gozag.
 15004 | D:10     | Found a basalt altar of Yredelemnul.
 15118 | D:10     | Found a staircase to the Orcish Mines.
 15144 | D:10     | Reached skill level 4 in Hexes
 15511 | Lair:1   | Entered Level 1 of the Lair of Beasts
 15519 | Lair:1   | Noticed a five-headed hydra
 15533 | Lair:1   | Killed a five-headed hydra
 15534 | Lair:1   | Reached skill level 4 in Summonings
 15696 | Lair:1   | Reached skill level 5 in Hexes
 15802 | Lair:1   | Reached skill level 5 in Summonings
 15969 | Lair:1   | Noticed a boulder beetle
 16069 | Lair:1   | Learned a level 5 spell: Summon Mana Viper
 17140 | Lair:2   | Upgraded the game from 0.32-a0-120-gfac0567ad4 to
                  | 0.32-a0-128-g77eb882913
 17209 | Lair:2   | Identified the +7 war axe "Fipum" {freeze, Fly Dex+2}
 17274 | Lair:2   | Reached skill level 6 in Hexes
 17417 | Lair:2   | Found a hole to the Spider Nest.
 17431 | Lair:2   | HP: 41/109 [blink frog (14)]
 17434 | Lair:2   | Reached skill level 6 in Summonings
 17434 | Lair:2   | Reached XP level 12. HP: 36/118 MP: 7/26
 17436 | Lair:2   | HP: 48/118 [blink frog (15)]
 17793 | Lair:2   | Reached skill level 7 in Hexes
 17796 | Lair:2   | HP: 58/118 [poisoned by a black mamba]
 17801 | Lair:2   | HP: 52/118 [poisoned by a black mamba]
 18192 | Lair:2   | Noticed Amaemon
 18206 | Lair:2   | Killed Amaemon
 18207 | Lair:2   | Reached skill level 7 in Summonings
 18577 | Lair:3   | Reached *** piety under Ashenzari
 18638 | Lair:3   | Reached skill level 8 in Hexes
 18924 | Lair:3   | Reached skill level 8 in Summonings
 19417 | Lair:3   | Found a transporter.
 19425 | Lair:3   | Noticed Ceno's ghost (journeyman VSEE)
 19425 | Lair:3   | Identified the +2 helmet of Free Will {Rampage Will++
                  | Regen+ Stlth-}
 19428 | Lair:3   | Noticed a five-headed hydra
 19428 | Lair:3   | Noticed a four-headed hydra
 19490 | Lair:3   | Found a transporter.
 19745 | Lair:3   | Found a staircase to the Swamp.
 19772 | Lair:3   | Paralysed by a hornet for 1 turns
 20183 | Lair:4   | HP: 54/118 [poisoned by a black mamba]
 20376 | Lair:4   | Reached skill level 9 in Hexes
 20790 | Lair:4   | Reached **** piety under Ashenzari
 20796 | Lair:4   | Reached skill level 9 in Summonings
 20890 | Lair:4   | Reached XP level 13. HP: 124/124 MP: 23/27
 20988 | Lair:4   | Learned a level 6 spell: Summon Cactus Giant
 21261 | Lair:4   | Reached skill level 10 in Summonings
 21832 | Lair:5   | Entered Level 5 of the Lair of Beasts
 22183 | Lair:5   | Reached skill level 8 in Fighting
 22292 | Lair:5   | Reached skill level 9 in Fighting
 22504 | Lair:5   | Reached skill level 1 in Evocations
 22512 | Lair:5   | Found a dark tunnel.
 22521 | Volcano  | Entered a volcano
 22665 | Volcano  | Reached skill level 10 in Fighting
 22747 | Volcano  | Found a radiant altar of Vehumet.
 22892 | Volcano  | Reached skill level 11 in Fighting
 23164 | Lair:5   | Reached skill level 3 in Dodging
 23177 | Lair:5   | Reached skill level 4 in Dodging
 23288 | Lair:5   | Reached skill level 5 in Dodging
 23395 | Lair:5   | Reached XP level 14. HP: 116/153 MP: 8/29
 23594 | Lair:5   | Reached skill level 6 in Dodging
 23630 | Lair:5   | Reached skill level 7 in Dodging
 24241 | Lair:5   | Reached skill level 8 in Dodging
 24595 | Lair:5   | Reached skill level 9 in Dodging
 25126 | Lair:5   | Learned a level 5 spell: Summon Forest
 25284 | D:11     | Noticed Fannar
 25293 | D:11     | Killed Fannar
 25294 | D:11     | Reached skill level 12 in Fighting
 25335 | D:11     | Found a frozen archway.
 25335 | D:11     | Found Ehiqutuv's Distillery.
 25356 | D:11     | Bought a potion of lignification for 42 gold pieces
 25356 | D:11     | Bought a potion of brilliance for 56 gold pieces
 25356 | D:11     | Bought a potion of heal wounds for 70 gold pieces
 25367 | IceCv    | Entered an ice cave
 25747 | IceCv    | Reached skill level 13 in Fighting
 25832 | IceCv    | Noticed a quicksilver ooze
 25842 | IceCv    | Killed a quicksilver ooze
 26120 | IceCv    | Reached skill level 14 in Fighting
 26536 | IceCv    | Noticed a quicksilver ooze
 26541 | IceCv    | Killed a quicksilver ooze
 26542 | IceCv    | Reached skill level 15 in Fighting
 26638 | IceCv    | Found a viscous altar of Jiyva.
 26638 | IceCv    | Noticed an azure jelly
 26648 | IceCv    | Killed an azure jelly
 26752 | IceCv    | Identified the ring "Wuskofoa" {rC+ Will+}
 26752 | IceCv    | Identified the ring "Umutois" {Ice +Blink rN+ Dex-5}
 27034 | D:11     | Reached skill level 16 in Fighting
 27632 | D:11     | Reached skill level 17 in Fighting
 27951 | D:11     | Found Jyhip's Assorted Antiques.
 27959 | D:11     | Bought a bound jade ring for 160 gold pieces
 27959 | D:11     | Identified the ring of Doubts {rElec rC+ rN+ SInv} (You
                  | bought it in a shop on level 11 of the Dungeon)
 27959 | D:11     | Bought an ivory wand for 128 gold pieces
 28458 | D:12     | Noticed Jorgrun
 28482 | D:12     | Killed Jorgrun
 28483 | D:12     | Reached skill level 18 in Fighting
 28483 | D:12     | Reached XP level 15. HP: 165/185 MP: 18/31
 28733 | D:12     | Noticed Sonja
 28737 | D:12     | Killed Sonja
 29186 | D:12     | Reached skill level 19 in Fighting
 29430 | Orc:1    | Entered Level 1 of the Orcish Mines
 29731 | Orc:2    | Entered Level 2 of the Orcish Mines
 29882 | Orc:2    | Reached skill level 20 in Fighting
 30219 | Orc:2    | Found Qezxamica's Armour Shop.
 30234 | Orc:2    | Found Bosu's General Store.
 30336 | Orc:2    | Reached skill level 21 in Fighting
 30363 | Orc:2    | Found Zemiecle's Assorted Antiques.
 30571 | Orc:2    | Noticed an orc warlord
 30679 | Orc:2    | Killed an orc warlord
 30680 | Orc:2    | Reached skill level 1 in Translocations
 30768 | Orc:2    | Found a runed translucent gate.
 30768 | Orc:2    | Found a runed translucent gate.
 30770 | Orc:2    | Found a runed translucent gate.
 30772 | Orc:2    | Noticed ninjaread99's ghost (journeyman DrCj)
 30797 | Orc:2    | Reached skill level 2 in Translocations
 30863 | Orc:2    | Found a staircase to the Elven Halls.
 30998 | Orc:2    | Found an iron altar of Okawaru.
 31122 | Orc:2    | Bought 3 scrolls of enchant armour for 742 gold pieces
 31562 | D:13     | Reached skill level 3 in Translocations
 31911 | D:13     | Identified the Spellbook of Zombies and Electricity
 31983 | D:13     | Learned a level 5 spell: Freezing Cloud
 32091 | D:13     | Reached skill level 1 in Ice Magic
 32421 | D:14     | Reached skill level 2 in Conjurations
 32492 | D:14     | Reached skill level 2 in Ice Magic
 32685 | D:14     | Noticed Snorg
 32713 | D:14     | Killed Snorg
 32714 | D:14     | Reached skill level 3 in Conjurations
 32955 | D:14     | Found a blossoming altar of Fedhas.
 32973 | D:14     | Learned a level 6 spell: Plasma Beam
 33068 | D:14     | Reached skill level 4 in Conjurations
 33071 | D:14     | Reached skill level 1 in Fire Magic
 33096 | D:14     | Reached skill level 2 in Fire Magic
 33240 | D:14     | Found a gate to the Vaults.
 33360 | D:14     | Found a hazy altar of Hepliaklqana.
 33383 | D:15     | Entered Level 15 of the Dungeon
 33388 | D:15     | Reached XP level 16. HP: 202/202 MP: 28/32
 33394 | D:15     | Reached skill level 3 in Fire Magic
 33539 | D:15     | Reached skill level 4 in Fire Magic
 33609 | D:15     | Found Tuxuxa's Distillery.
 33732 | D:15     | Found a staircase to the Depths.
 33889 | D:15     | Reached skill level 5 in Fire Magic
 34357 | D:15     | Found Egulum's Book Boutique.
 34366 | D:15     | Bought Maxwell's Memoranda for 480 gold pieces
 34585 | D:5      | Killed CougarLife's ghost
 35033 | D:8      | Found a runed translucent gate.
 35033 | D:8      | Found a runed translucent gate.
 35037 | D:8      | Noticed Pokonic1's ghost (journeyman OnEE)
 35040 | D:8      | Found a runed translucent gate.
 35242 | Swamp:1  | Entered Level 1 of the Swamp
 35260 | Lair:3   | HP: 98/201 [something (4)]
 35265 | Lair:3   | HP: 66/201 [poison (poison gas)]
 35270 | Lair:3   | HP: 60/201 [poison (poison gas)]
 35809 | Swamp:1  | Reached skill level 13 in Air Magic
 36764 | Swamp:1  | Reached skill level 14 in Air Magic
 37620 | Swamp:3  | Noticed Mara
 38214 | Swamp:4  | Entered Level 4 of the Swamp
 38222 | Swamp:3  | Reached skill level 15 in Air Magic
 38562 | Swamp:3  | HP: 81/201 [bunyip (20)]
 38564 | Swamp:3  | HP: 39/201 [spriggan druid/stone arrow (18)]
 38992 | Swamp:3  | Reached XP level 17. HP: 210/210 MP: 27/33
 39414 | Swamp:3  | HP: 83/210 [bunyip (25)]
 39423 | Swamp:3  | HP: 83/210 [nameless horror[miscasting Summon Cactus Giant]
                  | (5)]
 39427 | Swamp:3  | Reached skill level 11 in Spellcasting
 39688 | Swamp:4  | Noticed Mlioglotl
 39745 | Swamp:3  | HP: 103/210 [ghoul (21)]
 40080 | Swamp:4  | Noticed a tentacled starspawn
 40080 | Swamp:4  | Identified the serpent talisman "Xeacicop" {rN+++ Dex-2}
 40080 | Swamp:4  | Noticed Aizul
 40097 | Swamp:3  | Noticed particleface's illusion
 40103 | Swamp:3  | Killed Mara
 40113 | Swamp:3  | Learned a level 8 spell: Maxwell's Capacitive Coupling
 40267 | Swamp:4  | Killed Aizul
 40274 | Swamp:4  | Killed Mlioglotl
 40530 | Swamp:4  | Reached skill level 16 in Air Magic
 40640 | Swamp:3  | HP: 104/210 [six-headed hydra (12)]
 40645 | Swamp:3  | HP: 70/210 [swamp dragon/blast of poison (3)]
 40650 | Swamp:3  | HP: 48/210 [poisoned by a swamp dragon (poison gas)]
 40655 | Swamp:3  | HP: 44/210 [poisoned by a swamp dragon (poison gas)]
 41210 | Swamp:4  | Identified the +8 sling "Ajeaf" {drain, rF+}
 41213 | Swamp:4  | Identified the +6 trident "Seulyfod" {antimagic, rN+ Str+3}
 41397 | Swamp:4  | Noticed the 27-headed Lernaean hydra
 41401 | Swamp:4  | Killed the 27-headed Lernaean hydra
 41453 | Swamp:4  | Got a decaying rune of Zot
 41732 | Swamp:4  | Upgraded the game from 0.32-a0-128-g77eb882913 to
                  | 0.32-a0-131-g9dbbe29261
 42153 | Lair:3   | HP: 90/210 [four-headed hydra (17)]
 42158 | Lair:3   | HP: 72/210 [four-headed hydra (6)]
 42166 | Lair:3   | Reached skill level 17 in Air Magic
 42450 | Lair:3   | Killed Ceno's ghost
 42640 | Lair:4   | Found a staircase to the Slime Pits.
 43039 | Orc:2    | Killed ninjaread99's ghost
 43220 | Spider:1 | Entered Level 1 of the Spider Nest
 43621 | Spider:1 | Reached skill level 1 in Armour
 43805 | Spider:1 | HP: 101/208 [demonic crawler (10)]
 43810 | Lair:2   | HP: 87/208 [barbs]
 44061 | Lair:2   | Reached skill level 2 in Armour
 44318 | Spider:1 | Reached skill level 3 in Armour
 44846 | Spider:2 | Reached skill level 1 in Maces & Flails
 44993 | Spider:2 | Reached XP level 18. HP: 203/218 MP: 34/34
 45059 | Spider:2 | Reached skill level 2 in Maces & Flails
 45074 | Spider:2 | Identified the +5 kite shield of the Thoughtful Beasts
                  | {Will- Int+2 Dex+2}
 45074 | Spider:2 | Noticed Asterion
 45080 | Spider:2 | Reached skill level 3 in Maces & Flails
 45081 | Spider:2 | Killed Asterion
 45094 | Spider:2 | HP: 101/218 [torpor snail (9)]
 45100 | Spider:2 | HP: 92/218 [pharaoh ant (4)]
 45110 | Spider:1 | HP: 82/216 [tarantella (1)]
 45605 | Spider:1 | HP: 107/218 [poisoned by a redback]
 45610 | Spider:1 | HP: 89/218 [poisoned by a redback]
 45615 | Spider:1 | HP: 85/218 [poisoned by a redback]
 46035 | Spider:2 | Reached skill level 4 in Armour
 46362 | Spider:2 | Reached skill level 5 in Armour
 47139 | Orc:2    | Bought a scroll of enchant weapon for 105 gold pieces
 47958 | Spider:3 | Reached skill level 11 in Summonings
 48076 | Spider:3 | Found a runed translucent gate.
 48093 | Spider:3 | HP: 108/221 [pharaoh ant (23)]
 49141 | Spider:3 | Found a runed translucent gate.
 49141 | Spider:3 | Found a runed translucent gate.
 49143 | Spider:3 | Noticed Gryn's ghost (adept HOBe)
 49534 | Spider:3 | Identified the +8 morningstar "Weirch" {flame, ^Fragile rF+
                  | Str+2}
 49626 | Spider:3 | Reached skill level 12 in Summonings
 49636 | Spider:3 | Killed Gryn's ghost
 49756 | Spider:4 | Entered Level 4 of the Spider Nest
 50086 | Spider:3 | Reached skill level 18 in Air Magic
 50312 | Spider:4 | Noticed Arachne
 50317 | Spider:4 | Killed Arachne
 50483 | Spider:3 | HP: 103/220 [ghost moth (13)]
 50794 | Spider:4 | Reached skill level 1 in Shields
 51093 | Spider:3 | Reached skill level 2 in Shields
 51320 | Spider:4 | Reached skill level 3 in Shields
 51321 | Spider:4 | Reached XP level 19. HP: 228/228 MP: 16/36
 51435 | Spider:4 | Reached skill level 4 in Shields
 51696 | Spider:3 | Reached skill level 5 in Shields
 52257 | Spider:4 | Reached skill level 6 in Shields
 52998 | Spider:4 | Reached ***** piety under Ashenzari
 53029 | Spider:4 | Got a gossamer rune of Zot
 53372 | Vaults:1 | Entered Level 1 of the Vaults
 53381 | D:14     | Reached skill level 4 in Maces & Flails
 53506 | Vaults:1 | Reached skill level 5 in Maces & Flails
 53534 | Vaults:1 | Reached skill level 6 in Maces & Flails
 53534 | Vaults:1 | HP: 106/231 [ironbound frostheart (17)]
 53639 | Vaults:1 | HP: 112/231 [centaur warrior/arrow (19)]
 53655 | Vaults:1 | HP: 80/231 [something (3)]
 54139 | Vaults:1 | Reached skill level 7 in Maces & Flails
 54396 | Vaults:1 | Found Fooj Focut's Assorted Antiques.
 54400 | Vaults:1 | Bought a scroll of teleportation for 105 gold pieces
 54400 | Vaults:1 | Bought a scroll of fear for 140 gold pieces
 54735 | Vaults:1 | Reached skill level 8 in Maces & Flails
 55463 | Vaults:2 | Reached skill level 9 in Maces & Flails
 56017 | Vaults:2 | Noticed Boris
 56117 | Vaults:2 | Killed Boris
 56118 | Vaults:2 | Reached skill level 7 in Shields
 56758 | Vaults:2 | Reached skill level 8 in Shields
 56758 | Vaults:2 | Reached XP level 20. HP: 240/240 MP: 21/37
 56936 | Vaults:2 | Reached skill level 6 in Armour
 56967 | Vaults:2 | HP: 114/240 [orc warlord/+0 war axe (27)]
 56979 | Vaults:2 | HP: 80/240 [disintegration (9)]
 57395 | Vaults:2 | Reached skill level 7 in Armour
 57470 | Vaults:2 | Found a staircase to the Crypt.
 57952 | Vaults:2 | Reached skill level 8 in Armour
 58081 | Vaults:3 | Reached skill level 9 in Shields
 58083 | Vaults:3 | Noticed Mennas
 58091 | Vaults:3 | HP: 119/240 [Mennas/+4 sacred scourge of holy wrath (21)]
 58097 | Vaults:3 | HP: 95/240 [Mennas/+4 sacred scourge of holy wrath (23)]
 58384 | Vaults:2 | Killed Mennas
 58542 | Vaults:3 | Found a flickering gateway to a bazaar.
 58551 | Bazaar   | Entered a bazaar
 58706 | Bazaar   | Found Yfuweamn's Antique Armour Shop.
 58714 | Bazaar   | Found Qugalon's Magic Scroll Boutique.
 58730 | Bazaar   | Found Niwiqang's Antique Weapon Emporium.
 58736 | Bazaar   | Found Fuos's Armour Boutique.
 58763 | Bazaar   | Bought a scroll of enchant armour for 67 gold pieces
 58763 | Bazaar   | Bought a scroll of enchant armour for 67 gold pieces
 58763 | Bazaar   | Bought a scroll of enchant armour for 67 gold pieces
 58805 | Vaults:3 | Identified the +1 troll leather armour of Zuhui {Will+
                  | Regen+}
 58825 | Vaults:3 | HP: 106/240 [ironbound preserver/+0 dire flail (23)]
 58830 | Vaults:3 | HP: 75/240 [vault warden/+0 dire flail of protection (24)]
 58835 | Vaults:3 | Reached skill level 5 in Conjurations
 59348 | Vaults:3 | Reached skill level 6 in Conjurations
 59349 | Vaults:3 | HP: 113/240 [lindwurm/blast of flame (18)]
 59355 | Vaults:3 | HP: 63/240 [yaktaur/bolt[a vault warden] (22)]
 60043 | Vaults:3 | Reached skill level 7 in Conjurations
 60043 | Vaults:3 | HP: 115/240 [vault warden/+1 antimagic glaive (51)]
 60635 | Vaults:3 | Found Fahoceih's Armour Emporium.
 60926 | Vaults:3 | Reached skill level 8 in Conjurations
 61259 | Vaults:3 | Reached XP level 21. HP: 249/249 MP: 33/39
 61559 | Vaults:4 | Identified the amulet of Baczepor {Faith ^Fragile Str+3
                  | Slay+2 SInv}
 61616 | Vaults:4 | Reached skill level 9 in Conjurations
 62050 | Vaults:4 | Reached skill level 10 in Conjurations
 62423 | Vaults:4 | Found a flickering gateway to a bazaar.
 62441 | Bazaar   | Entered a bazaar
 62481 | Bazaar   | Found Jeloh's Antique Armour Shop.
 62495 | Bazaar   | Found Dem Bag's Jewellery Shoppe.
 62510 | Bazaar   | Found Iphof's Assorted Antiques.
 62518 | Bazaar   | Bought a scroll labelled TIUGUI NIRGHA for 22 gold pieces
 62518 | Bazaar   | Bought a scroll of blinking for 165 gold pieces
 62518 | Bazaar   | Bought a scroll of fear for 88 gold pieces
 62535 | Bazaar   | Found Sokhlo Ujiym's Antique Armour Shoppe.
 62543 | Bazaar   | Found Leuwnubb's Magic Scroll Shop.
 62551 | Bazaar   | Bought a scroll of fear for 40 gold pieces
 62551 | Bazaar   | Bought a scroll of teleportation for 30 gold pieces
 62683 | Vaults:4 | Identified the staff "Ihucseto" {Fly rC+ rCorr Dex+3 Stlth+
                  | Ice}
 62685 | Vaults:4 | Found a runed translucent door.
 62869 | Vaults:4 | Reached skill level 11 in Conjurations
 64136 | Elf:1    | Entered Level 1 of the Elven Halls
 64281 | Elf:1    | HP: 113/249 [+6 glaive of venom (23)]
 64286 | Orc:2    | HP: 69/249 [poisoned by a +6 glaive of venom]
 64291 | Orc:2    | HP: 64/249 [poisoned by a +6 glaive of venom]
 64971 | Elf:1    | Found Rylinaoff's Antique Weapon Shop.
 65237 | Elf:1    | Found Akitur's Magic Scroll Shop.
 65237 | Elf:1    | Found Syera's Magic Scroll Boutique.
 65277 | Elf:1    | Reached skill level 12 in Conjurations
 65723 | Elf:1    | Learned a level 3 spell: Swiftness
 66021 | Elf:2    | Paralysed by an air elemental for 1 turns
 66025 | Elf:2    | Paralysed by an air elemental for 1 turns
 66269 | D:15     | Bought a book of Dangerous Friends for 504 gold pieces
 66277 | D:15     | Learned a level 7 spell: Spellforged Servitor
 67343 | Elf:2    | Found Kakofokea's Antique Weapon Boutique.
 67567 | Elf:2    | Found a runed translucent gate.
 67568 | Elf:2    | Found a runed translucent gate.
 67569 | Elf:2    | Found a runed translucent gate.
 67662 | Elf:1    | Bought a scroll of enchant armour for 97 gold pieces
 67801 | Elf:3    | Entered Level 3 of the Elven Halls
 67901 | Elf:3    | Found a huge runed translucent gate.
 67901 | Elf:3    | Found a huge runed translucent gate.
 67901 | Elf:3    | Found a huge runed translucent gate.
 67901 | Elf:3    | Found a huge runed translucent gate.
 67901 | Elf:3    | Found a huge runed translucent gate.
 67901 | Elf:3    | Found a huge runed translucent gate.
 67901 | Elf:3    | Found a huge runed translucent gate.
 67901 | Elf:3    | Found a huge runed translucent gate.
 68029 | Elf:3    | Identified the +9 double sword of Syllilomm {freeze, rElec
                  | rC++ MP-9 Dex+2}
 68107 | Elf:3    | Paralysed by an air elemental for 1 turns
 68165 | Elf:3    | Reached skill level 13 in Conjurations
 68520 | Elf:3    | Identified the ring of Empit {rElec rF+ rCorr MP+9 Dex-3}
 68637 | Elf:3    | Reached XP level 22. HP: 237/254 MP: 16/40
 69188 | Elf:3    | Reached skill level 14 in Conjurations
 69349 | Elf:3    | Identified the +7 plate armour of the Barnacle {rC+ Dex+3}
 69445 | Elf:3    | Identified the +5 plate armour of Vermicelli {+Blink rPois
                  | Str+5 Int+3}
 69462 | Elf:3    | Identified the +6 lajatang of the End {venom, rF++}
 69860 | Elf:3    | Identified the +0 helmet "Hiunyexe" {Dex+4 Slay+2}
 69863 | Elf:3    | Identified the +0 scale mail of Wiruf {Will++ Str-4 Int+5}
 69863 | Elf:3    | Identified the +2 plate armour of Twilight {rC++}
 69863 | Elf:3    | Identified the Writings on the Boggart
 69894 | Elf:3    | Learned a level 4 spell: Passage of Golubria
 70087 | Elf:3    | HP: 113/233 [deep elf blademaster/+6 double sword (20)]
 70526 | Depths:1 | Entered Level 1 of the Depths
 70777 | Depths:1 | Noticed a caustic shrike
 70785 | D:15     | Killed a caustic shrike
 70786 | D:15     | Reached skill level 13 in Summonings
 71178 | Depths:1 | Noticed a caustic shrike
 71189 | D:15     | Killed a caustic shrike
 71583 | D:15     | HP: 128/260 [fire giant/fireball (9)]
 72133 | Depths:1 | Reached skill level 4 in Translocations
 72187 | Depths:1 | Noticed a golden dragon
 72192 | Depths:1 | Killed a golden dragon
 72222 | Depths:1 | HP: 126/255 [spark wasp (4)]
 72225 | Depths:1 | Reached skill level 5 in Translocations
 72739 | Depths:1 | Reached skill level 9 in Armour
 72850 | Depths:1 | Identified the ring "Tiwitor" {rPois rN+ Will+ Str+4 SInv}
 72893 | Depths:1 | Found a gateway to Hell.
 72902 | Depths:1 | Found a runed translucent gate.
 72902 | Depths:1 | Found a runed translucent gate.
 72902 | Depths:1 | Found a runed translucent gate.
 72908 | Depths:1 | Noticed Cofabior's ghost (veteran GnWn)
 72908 | Depths:1 | Noticed Oxzi's ghost (adept DEHW)
 72908 | Depths:1 | Noticed Kyleoruez's ghost (veteran GnWn)
 72908 | Depths:1 | Noticed Cyommoer's ghost (adept DEHW)
 72931 | Depths:1 | Found a hide-covered altar of Uskayaw.
 73004 | Depths:1 | Found Feluan Ipal's Antique Weapon Emporium.
 73455 | Depths:2 | HP: 108/262 [deep elf master archer/arrow (33)]
 73768 | Depths:2 | Reached skill level 10 in Armour
 73879 | Depths:2 | Found a one-way gateway to a ziggurat.
 73940 | Depths:2 | Reached skill level 10 in Shields
 74195 | Depths:2 | Paralysed by a vampire knight for 4 turns
 74754 | Depths:2 | Found a one-way gate leading to the halls of Pandemonium.
 74996 | Depths:3 | Reached skill level 11 in Shields
 75068 | Depths:3 | Reached skill level 2 in Evocations
 75068 | Depths:3 | Reached XP level 23. HP: 228/271 MP: 33/42
 75101 | Depths:3 | HP: 76/271 [??? (73)]
 75475 | Depths:3 | Found a glowing silver altar of Zin.
 75487 | Depths:3 | Reached skill level 3 in Evocations
 75735 | Depths:3 | Reached skill level 4 in Evocations
 75959 | Depths:3 | Identified the +6 chain mail of the Ecumenical Temple {rC+
                  | Int+3}
 76069 | Depths:3 | HP: 128/271 [??? (126)]
 76074 | Depths:3 | HP: 112/271 [Ice Fiend/bolt of cold (19)]
 76103 | Depths:3 | HP: 113/274 [stone giant/large rock (18)]
 76524 | Depths:3 | Reached skill level 22 in Fighting
 76564 | Depths:3 | HP: 135/276 [spriggan air mage/the air (22)]
 76793 | Depths:3 | Found a one-way gate to the infinite horrors of the Abyss.
 77008 | Depths:3 | Identified the +1 robe "Juhoq" {Regen+ rCorr}
 77178 | Depths:3 | Identified the +6 plate armour of Marbles {Int+4}
 77178 | Depths:3 | Identified the +6 scale mail of the Morning Star {Harm rF+
                  | Str+2 Slay+2}
 77178 | Depths:3 | Identified the staff of Forgiveness {rPois rC+ Will+ Str-5
                  | Air Alchemy}
 77219 | Depths:4 | Entered Level 4 of the Depths
 77225 | Depths:4 | Noticed Boris
 77739 | Depths:3 | Killed Boris
 77881 | Depths:4 | Noticed a dread lich
 77891 | Depths:3 | Reached skill level 11 in Armour
 78173 | Depths:3 | Reached skill level 12 in Spellcasting
 78732 | Depths:4 | Killed a dread lich
 78738 | Depths:4 | HP: 127/255 [flayed ghost/flay_damage (41)]
 78999 | Depths:4 | Reached skill level 15 in Conjurations
 79063 | Depths:4 | Identified the Tractate on Black Ceremonies
 79886 | Depths:4 | Found a glowing golden altar of the Shining One.
 79925 | Depths:4 | Found a gate to the Realm of Zot.
 80327 | D:15     | Bought a potion of haste for 160 gold pieces
 80327 | D:15     | Bought a potion of heal wounds for 80 gold pieces
 80327 | D:15     | Bought a potion of magic for 128 gold pieces
 80579 | Slime:1  | Entered Level 1 of the Pits of Slime
 80638 | Slime:2  | Noticed Dissolution
 80648 | Slime:1  | Reached skill level 16 in Conjurations
 80697 | Slime:2  | HP: 138/276 [slime creature (14)]
 80717 | Slime:2  | Gained mutation: You occasionally shout uncontrollably at
                  | your foes. [a shining eye]
 80718 | Slime:2  | Gained mutation: You have hidden genetic defects. [a
                  | shining eye]
 80719 | Slime:2  | HP: 111/276 [Dissolution (20)]
 80724 | Slime:2  | HP: 104/276 [Dissolution (4)]
 80725 | Slime:2  | Gained mutation: You are clumsy. (Dex -2) [a shining eye]
 80732 | Slime:2  | Lost mutation: You have hidden genetic defects. [potion of
                  | mutation]
 80732 | Slime:2  | Lost mutation: You are clumsy. (Dex -2) [potion of
                  | mutation]
 80732 | Slime:2  | Lost mutation: You occasionally shout uncontrollably at
                  | your foes. [potion of mutation]
 80732 | Slime:2  | Gained mutation: You are partially covered in iridescent
                  | scales. (AC +2) [potion of mutation]
 80732 | Slime:2  | Gained mutation: You are mostly covered in iridescent
                  | scales. (AC +4) [potion of mutation]
 80821 | Slime:2  | Killed Dissolution
 80835 | Slime:2  | HP: 136/276 [quicksilver ooze (5)]
 80840 | Slime:2  | Reached XP level 24. HP: 141/286 MP: 20/43
 80854 | Slime:2  | Gained mutation: You are frail. (-10% HP) [a shining eye]
 80857 | Slime:2  | Lost mutation: You are mostly covered in iridescent scales.
                  | (AC +4) [potion of mutation]
 80857 | Slime:2  | Lost mutation: You are partially covered in iridescent
                  | scales. (AC +2) [potion of mutation]
 80857 | Slime:2  | Gained mutation: You occasionally lose the ability to read
                  | scrolls when taking damage. [potion of mutation]
 80857 | Slime:2  | Lost mutation: You are frail. (-10% HP) [potion of
                  | mutation]
 80858 | Slime:2  | Lost mutation: You occasionally lose the ability to read
                  | scrolls when taking damage. [potion of mutation]
 80858 | Slime:2  | Gained mutation: You occasionally lose the ability to read
                  | scrolls when taking damage. [potion of mutation]
 80858 | Slime:2  | Gained mutation: Your movements are slightly less
                  | encumbered by armour. (ER -2) [potion of mutation]
 80858 | Slime:2  | Gained mutation: You passively map a small area around you.
                  | [potion of mutation]
 80858 | Slime:2  | Gained mutation: You are agile. (Dex +4, Str/Int -1)
                  | [potion of mutation]
 80863 | Slime:2  | HP: 112/286 [rockslime (38)]
 80869 | Slime:2  | HP: 133/286 [cloud of freezing vapour (1)]
 80876 | Slime:2  | HP: 93/286 [rockslime (37)]
 81198 | Slime:2  | Lost mutation: You occasionally lose the ability to read
                  | scrolls when taking damage. [potion of mutation]
 81198 | Slime:2  | Lost mutation: You are agile. (Dex +4, Str/Int -1) [potion
                  | of mutation]
 81198 | Slime:2  | Lost mutation: Your movements are slightly less encumbered
                  | by armour. (ER -2) [potion of mutation]
 81198 | Slime:2  | Gained mutation: You have a pair of horns on your head.
                  | [potion of mutation]
 81198 | Slime:2  | Gained mutation: You are agile. (Dex +4, Str/Int -1)
                  | [potion of mutation]
 81657 | Slime:4  | Reached skill level 17 in Conjurations
 82178 | Slime:5  | Entered Level 5 of the Pits of Slime
 82368 | Slime:5  | Noticed the Royal Jelly
 82376 | Slime:5  | Gained mutation: You are vulnerable to cold. (rC-) [a
                  | shining eye]
 82662 | Slime:4  | Reached skill level 18 in Conjurations
 83057 | Slime:5  | Found the +2 cloak of the Thief {*Fog Slay-2 SInv Stlth+}
 83059 | Slime:5  | Identified the +7 halberd "Xece Udu" {flame, Stlth+}
 83142 | Slime:5  | Killed the Royal Jelly
 83143 | Slime:5  | Reached skill level 13 in Spellcasting
 83397 | Slime:5  | Identified the +1 pair of gloves of the Jolly Nightingales
                  | {Rampage *Slow rCorr}
 83429 | Slime:4  | HP: 130/286 [quicksilver ooze (18)]
 83726 | Slime:5  | HP: 113/286 [acid blob (39)]
 83731 | Slime:5  | HP: 46/286 [acid blob (22)]
 84383 | Slime:5  | Identified a scroll of acquirement
 84385 | Slime:5  | Identified the +5 spear of Modesty {heavy, Fly rPois rF+
                  | Dex+3}
 84396 | Slime:5  | Identified the ring of Day {^Drain +Blink rC+ rCorr Stlth+}
 84399 | Slime:5  | Found the +16 obsidian axe {drain, demonic, Mesm ^Drain Fly
                  | SInv}
 84401 | Slime:5  | Identified the staff "Killer Bee's Foe" {rF+ Summ Fire}
 84403 | Slime:5  | Acquired 990 gold pieces
 84484 | Slime:5  | HP: 139/286 [acid blob (33)]
 84489 | Slime:4  | HP: 99/286 [acid (2)]
 84807 | Slime:5  | HP: 133/286 [acid blob (30)]
 85070 | Slime:5  | Found the +3 Mad Mage's Maulers {Infuse+∞ VampMP -Cast}
 85081 | Slime:5  | Identified the +8 hand axe "Lenela" {holy, rC+ Str+2}
 85158 | Slime:5  | Got a slimy rune of Zot
 85565 | Zot:1    | Entered Level 1 of the Realm of Zot
 85656 | D:15     | Bought a potion of mutation for 128 gold pieces
 85808 | Vaults:1 | Bought a potion of mutation for 280 gold pieces
 86061 | D:8      | Killed Pokonic1's ghost
 86258 | D:8      | Lost mutation: You have a pair of horns on your head.
                  | [potion of mutation]
 86258 | D:8      | Lost mutation: You passively map a small area around you.
                  | [potion of mutation]
 86258 | D:8      | Lost mutation: You are agile. (Dex +4, Str/Int -1) [potion
                  | of mutation]
 86258 | D:8      | Gained mutation: Your magical capacity is low. (-10% MP)
                  | [potion of mutation]
 86258 | D:8      | Gained mutation: You passively map a small area around you.
                  | [potion of mutation]
 86258 | D:8      | Gained mutation: You have sharp fingernails. [potion of
                  | mutation]
 86258 | D:8      | Gained mutation: You are strong-willed. (Will+) [potion of
                  | mutation]
 86259 | D:8      | Lost mutation: You have sharp fingernails. [potion of
                  | mutation]
 86259 | D:8      | Lost mutation: You are strong-willed. (Will+) [potion of
                  | mutation]
 86259 | D:8      | Gained mutation: You expend magic power (3 MP) to
                  | strengthen your wands. [potion of mutation]
 86259 | D:8      | Gained mutation: You are robust. (+10% HP) [potion of
                  | mutation]
 86260 | D:8      | Lost mutation: You are vulnerable to cold. (rC-) [potion of
                  | mutation]
 86260 | D:8      | Lost mutation: You passively map a small area around you.
                  | [potion of mutation]
 86260 | D:8      | Gained mutation: You are somewhat resistant to further
                  | mutation. [potion of mutation]
 86539 | Zot:1    | Reached skill level 14 in Spellcasting
 86781 | Zot:1    | HP: 135/314 [goliath frog[a protean progenitor] (27)]
 86786 | Zot:1    | HP: 125/314 [storm dragon (1)]
 86860 | Zig:1    | Entered Level 1 of a ziggurat
 87059 | Zig:2    | Entered Level 2 of a ziggurat
 87062 | Zig:2    | Found the +4 Cigotuvi's embrace {Corpsefed rMiasma ^Drain
                  | rN+}
 87064 | Zig:2    | HP: 157/314 [??? (154)]
 87305 | Zig:3    | Entered Level 3 of a ziggurat
 87308 | Zig:3    | Noticed an ancient lich
 87312 | Zig:3    | Killed an ancient lich
 87345 | Zig:4    | Entered Level 4 of a ziggurat
 87347 | Zig:4    | Found the +10 zealot's sword {holy, Zealotry, *Rage rN+
                  | EV+3}
 87348 | Zig:4    | Noticed an ancient lich
 87362 | Zig:4    | Killed an ancient lich
 87432 | Zig:5    | Entered Level 5 of a ziggurat
 87456 | Zig:5    | Identified the +9 hand axe "Depreh" {antimagic, ^Contam rC+
                  | Will++ SInv}
 87470 | Zig:6    | Entered Level 6 of a ziggurat
 87720 | Zig:7    | Entered Level 7 of a ziggurat
 87727 | Zig:7    | Noticed Byumew the pandemonium lord
 87731 | Zig:7    | HP: 156/314 [Executioner (5)]
 87732 | Zig:7    | Identified the +4 mace "Xipuepu" {freeze, rElec rPois SInv}
 87733 | Zig:7    | HP: 66/314 [??? (63)]
 87734 | Zig:7    | HP: 25/314 [??? (22)]
 87739 | Depths:2 | HP: 31/314 [poisoned by a balrug]
 88285 | Zot:1    | Reached skill level 19 in Conjurations
 88313 | Zot:1    | Reached XP level 25. HP: 324/324 MP: 40/40
 88495 | Zot:1    | Reached skill level 15 in Spellcasting
 88630 | Zot:1    | HP: 162/324 [wolf spider[a protean progenitor] (8)]
 88646 | Zot:1    | HP: 136/324 [wolf spider[a protean progenitor] (8)]
 88662 | Zot:1    | HP: 127/324 [drowned by a water nymph[a protean progenitor]
                  | (8)]
 88675 | Zot:1    | HP: 146/324 [wolf spider[a protean progenitor] (17)]
 88946 | Zot:1    | Learned a level 9 spell: Chain Lightning
 89921 | Zot:2    | Reached skill level 19 in Air Magic
 90219 | Zot:2    | Identified the amulet of Uxoerchy {Acrobat rF+}
 90934 | Zot:2    | Found a broken altar of Ashenzari.
 91790 | Zot:3    | Reached skill level 20 in Conjurations
 92592 | Zot:4    | Reached skill level 20 in Air Magic
 92621 | Zot:4    | Reached XP level 26. HP: 302/335 MP: 39/41
 93755 | Zot:5    | Entered Level 5 of the Realm of Zot
 94041 | Zot:5    | Noticed an orb of fire
 94045 | Zot:5    | Killed an orb of fire
 94511 | Zot:5    | Reached skill level 21 in Conjurations
 94658 | Zot:4    | HP: 164/335 [??? (162)]
 94698 | Zot:4    | Identified the cursed +2 cloak of Ouranomancy {rF+, Elem,
                  | Bglg} (You found it in a volcano)
 94698 | Zot:4    | Identified the cursed +7 swamp dragon scales "Pangnostic
                  | Monotheism" {rPois, rP+, Elem, Sorc} (You found it on level
                  | 4 of the Swamp)
 95001 | Zot:5    | Noticed an orb of fire
 95005 | Zot:5    | Killed an orb of fire
 95006 | Zot:5    | Reached skill level 16 in Spellcasting
 95143 | Zot:5    | HP: 138/335 [Orb Guardian (55)]
 95539 | Zot:5    | Noticed a Killer Klown
 95544 | Zot:5    | Killed a Killer Klown
 95631 | Zot:5    | Reached skill level 17 in Spellcasting
 95633 | Zot:5    | Noticed a Killer Klown
 95641 | Zot:5    | Killed a Killer Klown
 95652 | Zot:5    | Noticed a Killer Klown
 95656 | Zot:5    | Killed a Killer Klown
 95740 | Zot:5    | Noticed an ancient lich
 95744 | Zot:5    | Noticed a Killer Klown
 95746 | Zot:5    | Killed an ancient lich
 95748 | Zot:5    | Noticed an orb of fire
 95750 | Zot:5    | Killed an orb of fire
 95754 | Zot:5    | Killed a Killer Klown
 95755 | Zot:5    | Reached skill level 18 in Spellcasting
 95755 | Zot:5    | Noticed a Killer Klown
 95760 | Zot:5    | Killed a Killer Klown
 95785 | Zot:5    | Noticed an orb of fire
 95790 | Zot:5    | Killed an orb of fire
 95912 | Zot:5    | Noticed a Killer Klown
 95914 | Zot:5    | Killed a Killer Klown
 96242 | Zot:5    | Noticed a dread lich
 96251 | Zot:5    | Killed a dread lich
 96252 | Zot:5    | Reached XP level 27. HP: 345/345 MP: 43/43
 96358 | Zot:5    | Reached skill level 22 in Conjurations
 96589 | Zot:5    | HP: 169/345 [black draconian/+0 glaive[a green draconian
                  | monk] (7)]
 96596 | Zot:5    | HP: 147/345 [yellow draconian/glob of acid[a green
                  | draconian monk] (14)]
 96604 | Zot:5    | HP: 121/329 [shadow dragon/bolt of negative energy (32)]
 97072 | Zot:5    | Got the Orb of Zot
 97409 | D:11     | Noticed Peillougg the pandemonium lord
 97656 | D:$      | Escaped with the Orb!

Illustrated notes

Levels and vault maps discovered:
D:1:      pf_arrival_petrified_forest, layout_basic,
          shapermc_ecumenical_altar_starsandcircs
D:2:      layout_rooms, basic_altar
D:3:      layout_loops_ring, slow_altar_1, serial_aquarium,
          aquarium_bridge_long_separate [aquarium_subvault_bridge,
          aquarium_subvault_bridge, aquarium_subvault_bridge,
          aquarium_subvault_bridge, aquarium_subvault_bridge,
          aquarium_subvault_bridge], aquarium_bridge_island_small
          [aquarium_subvault_small_open, aquarium_subvault_wall,
          aquarium_subvault_bridge, aquarium_subvault_bridge,
          aquarium_subvault_bridge], aquarium_window_corridor_2,
          aquarium_window_fake, aquarium_window_1, aquarium_window_corner,
          aquarium_view_2c, uniq_ijyb
D:4:      layout_basic, amcnicky_altar_gilded, grunt_ministairs_3,
          minmay_misc_feat_encased, uniq_robin
D:5:      layout_rooms, serial_shops, nicolae_shop_stone, gammafunk_ghost_icy,
          hellmonk_guarded_unrand_hermit, uniq_eustachio, uniq_prince_ribbit1
D:6:      layout_gridville, minmay_temple_entry_antechambers,
          minmay_misc_feat_chi
D:7:      layout_loops_ring, enter_bailey_2, st_stairs_10, minmay_checkerbox,
          uniq_maggie, uniq_duvessa, uniq_crazy_yiuf_cottage
D:8:      layout_cave_pools, elyvilon_altar_1,
          ploomutoo_gammafunk_ghost_potion_laboratory, uniq_psyche
D:9:      layout_rooms, mainiacjoe_overflow_paths, st_stairs_6
D:10:     layout_small_grid, nicolae_overflow_macrodata_refinement,
          erik_lair_island, kennysheep_orc_monster_closet_entryway
D:11:     layout_cave_pods, portal_ice_cave_entry_pillars_1, serial_shops,
          nicolae_shop_temple_entry_statues_fountains, shop, uniq_fannar
D:12:     layout_irregular_city, uniq_jorgrun, uniq_sonja
D:13:     layout_rooms
D:14:     layout_cave_pools, hellmonk_vaults_keyhole, fedhas_altar_1,
          worldfamousw_hep_ancestral_shrine, uniq_snorg
D:15:     hangedman_depths_entry_civil_slaughter, layout_loops_ring,
          serial_shops, nicolae_shop_gibbet_a_chance, nicolae_lakefront_shop,
          minmay_misc_feat_diagonals
Temple:   nicolae_temple_superstar
Lair:1:   layout_long_grid, serial_rivers, chequers_serial_rivers_micro_b,
          chequers_serial_rivers_small_3, chequers_serial_rivers_large_a,
          chequers_serial_rivers_micro_b, chequers_serial_rivers_room_b,
          chequers_serial_rivers_small_b, lemuel_fruit_tree,
          serial_bayou_shore_b
Lair:2:   layout_loops_ring, spider_nest_entry_funnel_web, beast_lair_carwin_9,
          uniq_amaemon
Lair:3:   layout_loops_ring, mainiacjoe_swamp_entry_lozenge_pond, serial_forest,
          infiniplex_forest_3_way, infiniplex_forest_join,
          infiniplex_forest_straight_2, infiniplex_forest_end_1,
          infiniplex_forest_fountain, infiniplex_forest_end_1,
          infiniplex_forest_straight_2, infiniplex_forest_straight_2,
          infiniplex_forest_end_2, infiniplex_forest_end_2,
          gammafunk_ghost_berserking_beasts
Lair:4:   layout_regular_city, minmay_slime_entry_oklob_enclosed,
          pdpol_lair_neglected_garden, beast_lair_carwin_3
Lair:5:   grunt_lair_end_beastmaster, layout_regular_city,
          nicolae_volcano_entry_batcave, hellmonk_talismancer
Swamp:1:  layout_basic_swamp, nicolae_swamp_tree_designs
Swamp:2:  layout_falls_marsh, hangedman_swamp_ruin_hall,
          nicolae_swamp_tree_isthmus
Swamp:3:  layout_falls_marsh, nicolae_swamp_stair_fork, uniq_mara
Swamp:4:  grunt_swamp_rune_castle, layout_basic_swamp, uniq_mlioglotl,
          uniq_aizul
Spider:1: layout_spider_delve
Spider:2: layout_spider_delve, hangedman_spider_mandibles, uniq_asterion
Spider:3: layout_spider_delve, gammafunk_ghost_split, drop_trap,
          hangedman_spider_tarantella_strand
Spider:4: johnstein_spider_rune_arachne_lair
Slime:1:  layout_caves
Slime:2:  layout_caves, uniq_dissolution
Slime:3:  cheibrodos_slime_lost_civilization_3, layout_caves
Slime:4:  layout_caves
Slime:5:  slime_pit_nicolae_amoeboid
Orc:1:    layout_caves
Orc:2:    st_orc_town, layout_diamond_mine, gammafunk_ghost_fury_of_okawaru
Elf:1:    eino_elf_arrival_the_gate, layout_loops_cross, serial_shops, shop,
          hangedman_elf_disciples, minmay_shoptagon
Elf:2:    elven_hall_of_blades_hangedman_original [mumra_blade_entry_bloodbath],
          layout_onion_city, serial_shops, shop
Elf:3:    grunt_elf_hall_asides, layout_loops_corners,
          nicolae_elf_double_double_double_trouble
Vaults:1: ontoclasm_vaults_loading_screen, vaults_room_grunt_arrival_ludios,
          v_misc_10, nicolae_vaults_diamond_1, nicolae_vaults_prndl,
          ontoclasm_vaults_decontamination, nicolae_vaults_statue_guard,
          layout_vaults_omnigrid, serial_shops, nicolae_shop_back_alley_shop
Vaults:2: vaults_room_octagon, vaults_room_fours,
          nicolae_vaults_oval_intersection, nicolae_vaults_network_s,
          nicolae_vaults_storage_closets_2, blue_anna_dwarven_crypt, v_misc_11,
          v_rooms_1, vaults_room_door_ring, vaults_mumra_hex,
          nicolae_vaults_big_angled_halls, layout_vaults_maze, uniq_boris
Vaults:3: v_misc_9, v_rooms_3, nicolae_vaults_spaceships, v_misc_2, v_misc_11,
          nicolae_vaults_tetromino_T_2, v_misc_16,
          nicolae_vaults_taking_the_gang_shopping, vaults_dpeg_encased_lava,
          nicolae_vaults_antechamber_and_loot_room,
          ontoclasm_vaults_loading_screen, layout_vaults_big_room, serial_shops,
          bzr_firewalk, uniq_mennas
Vaults:4: nicolae_vaults_diagonal_hallway_9, nicolae_vaults_sightless_eye,
          grunt_vaults_trifunnel, v_misc_33, vaults_standard_mumra_x,
          vaults_room_large_hall, nicolae_vaults_closet_pinwheel_3,
          grunt_vaults_diagonal, nicolae_vaults_oozy_zoo,
          ontoclasm_vaults_idyll, nicolae_vaults_closet_pinwheel_3,
          nicolae_vaults_little_squares_1, layout_vaults_omnibox, serial_shops,
          bzr_entry_gold
Depths:1: hangedman_arch_fort, layout_basic, corexii_hall_statues_x,
          serial_shops, shop, gammafunk_ghost_cemetery, hell_entry,
          nicolae_uskayaw_en_pointe
Depths:2: dreamdust_merry_men, layout_long_grid, enter_ziggurat_b, hellmouth_1,
          rand_demon_pan_entry_8, infiniplex_staircase_pillars_3b
Depths:3: evilmike_silver_temple, layout_basic, hell_entry, abyss_entry,
          minivault_16, minmay_misc_feat_iff, grunt_ministairs_9,
          minmay_fire_ice_demons, minmay_staircase_bubble
Depths:4: grunt_zot_entry_pinwheel, layout_gridville, hell_entry,
          nicolae_tso_carved_into_rock, special_room [special_room_morgue],
          minmay_misc_feat_five
Zot:1:    layout_cellular_growth
Zot:2:    kennysheep_spiral_hall, layout_misc_corridors,
          regret_index_zotdec_plus, basic_altar
Zot:3:    layout_misc_corridors, regret_index_zotdec_twisting_globes,
          grunt_megastairs_3
Zot:4:    minmay_elemental_castle, layout_cathedral_of_symmetry,
          regret_index_zotdec_wing_it
Zot:5:    layout_cellular_growth, skrybe_zot_glass_2

Skill      XL: |  1  2  3  4  5  6  7  8  9 10 11 12 13 14 15 16 17 18 19 20 21 22 23 24 25 26 27 |
---------------+----------------------------------------------------------------------------------+-----
Fighting       | 1 2 3 7 11 18 21 22 | 22.2
Conjurations   | 1 4 8 13 14 16 19 20 21 22 | 22.8
Spellcasting   | 2 3 4 5 9 10 11 12 14 15 18 | 18.0
Air Magic      | 5 6 7 10 12 15 17 18 20 | 20.6
Hexes          | 6 9 |  9.3
Summonings     | 6 9 10 12 13 | 13.9
Evocations     | 1 2 4 |  4.0
Dodging        | 5 9 |  9.0
Translocations | 3 5 |  5.0
Ice Magic      | 2 |  2.2
Fire Magic     | 2 5 |  5.4
Armour         | 3 5 8 10 11 | 11.0
Maces & Flails | 1 3 9 |  9.9
Shields        | 3 8 9 11 | 11.0
Staves         | |  1.0
Stealth        | |  1.0

Action                     |  1- 3 |  4- 6 |  7- 9 | 10-12 | 13-15 | 16-18 | 19-21 | 22-24 | 25-27 || total
---------------------------+-------+-------+-------+-------+-------+-------+-------+-------+-------++-------
  Melee: Quarterstaff      |    50 |    78 |    40 |    59 |    51 |       |       |       |       ||   278
         Headbutt          |     5 |    10 |    10 |    20 |    18 |    50 |   149 |   110 |    43 ||   415
         Staff             |       |       |    24 |    14 |    20 |    16 |       |       |       ||    74
         Punch             |       |       |     1 |     2 |     2 |    17 |       |       |       ||    22
         Dagger            |       |       |       |       |     3 |    12 |       |       |       ||    15
         Demon whip        |       |       |       |       |       |   151 |   519 |   324 |   147 ||  1141
  Throw: Dart              |       |       |     4 |       |       |       |     3 |       |       ||     7
         Large rock        |       |       |       |       |       |       |     4 |       |       ||     4
   Cast: Shock             |    65 |   111 |    50 |    36 |       |       |       |       |       ||   262
         Airstrike         |       |       |    63 |   208 |   146 |     6 |       |       |       ||   423
         Summon Lightning  |       |       |       |    33 |    73 |    15 |     1 |       |       ||   122
         Summon Mana Viper |       |       |       |    14 |    56 |    48 |    54 |    19 |     7 ||   198
         Mephitic Cloud    |       |       |       |     1 |       |     3 |       |       |       ||     4
         Summon Cactus Gia |       |       |       |       |    72 |    36 |    19 |     8 |    10 ||   145
         Summon Forest     |       |       |       |       |     7 |     8 |    17 |     1 |     3 ||    36
         Freezing Cloud    |       |       |       |       |     8 |    46 |    78 |    49 |    23 ||   204
         Plasma Beam       |       |       |       |       |       |   332 |   212 |   188 |    59 ||   791
         Maxwell's Capacit |       |       |       |       |       |    30 |    68 |   135 |   165 ||   398
         Spellforged Servi |       |       |       |       |       |       |     1 |    90 |    36 ||   127
         Passage of Golubr |       |       |       |       |       |       |       |    19 |     8 ||    27
         Chain Lightning   |       |       |       |       |       |       |       |       |     6 ||     6
 Invoke: Curse Item        |       |       |       |     5 |     3 |     2 |     4 |     1 |       ||    15
         Shatter the Chain |       |       |       |       |     3 |     2 |     3 |       |       ||     8
  Evoke: Wand              |       |     1 |    11 |     1 |     3 |     4 |       |     3 |    12 ||    35
         Box of beasts     |       |       |       |       |       |       |     1 |     1 |       ||     2
         Lightning rod     |       |       |       |       |       |       |     2 |     3 |       ||     5
         Phial of floods   |       |       |       |       |       |       |       |     1 |       ||     1
         Phantom mirror    |       |       |       |       |       |       |       |       |     1 ||     1
    Use: Scroll            |       |     4 |     2 |     2 |     2 |    24 |    12 |    11 |     8 ||    65
         Potion            |       |     3 |     1 |     3 |     1 |    13 |     3 |    12 |     3 ||    39
   Stab: Confused          |       |       |       |       |       |     3 |       |       |       ||     3
         Distracted        |       |       |       |       |       |     1 |     7 |     6 |     3 ||    17
 Armour: Robe              |    53 |    91 |   124 |   185 |   171 |   301 |       |       |       ||   925
         Swamp dragon scal |       |       |       |       |       |   504 |   573 |   987 |   382 ||  2446
         Skin              |       |       |       |       |       |       |       |       |     5 ||     5
  Dodge: Dodged            |    41 |    52 |    58 |    84 |    93 |   327 |   195 |   268 |    85 ||  1203
  Block: Kite shield       |       |       |       |       |       |    58 |   504 |   682 |   171 ||  1415

Table legend: (Time is in decaauts)
 A = Elapsed time spent in this place.
 B = Non-inter-level travel time spent in this place.
 C = Inter-level travel time spent in this place.
 D = Time resting spent in this place.
 E = Time spent auto-exploring this place.
 F = Levels seen in this place.
 G = Mean time per level.
                   A        B        C        D        E       F      G
               +--------+--------+--------+--------+--------+-----+--------+
         Total |  97576 |  88739 |   8837 |  26829 |  45920 |  63 | 1548.8 |
       Dungeon |  25888 |  22918 |   2970 |   4124 |  15483 |  15 | 1725.9 |
        Temple |     39 |     20 |     19 |      0 |      0 |   1 |   39.0 |
          Lair |  12204 |  10385 |   1819 |   2489 |   6672 |   5 | 2440.8 |
         Swamp |   6597 |   6022 |    575 |   2565 |   2570 |   4 | 1649.2 |
   Spider Nest |   8758 |   8324 |    434 |   3109 |   3910 |   4 | 2189.5 |
    Slime Pits |   4575 |   4353 |    222 |   2999 |    148 |   5 |  915.0 |
  Orcish Mines |   3071 |   2642 |    429 |    704 |   1367 |   2 | 1535.5 |
   Elven Halls |   4774 |   4287 |    487 |    948 |   2505 |   3 | 1591.3 |
        Vaults |  10237 |   9469 |    768 |   2389 |   5172 |   4 | 2559.2 |
        Depths |   8985 |   8266 |    719 |   3162 |   3618 |   4 | 2246.2 |
           Zot |   9221 |   8830 |    391 |   3253 |   3106 |   5 | 1844.2 |
      Ziggurat |    875 |    875 |      0 |    485 |    193 |   7 |  125.0 |
        Bazaar |    350 |    350 |      0 |      0 |    302 |   2 |  175.0 |
      Ice Cave |   1482 |   1482 |      0 |    389 |    798 |   1 | 1482.0 |
       Volcano |    512 |    512 |      0 |    211 |     75 |   1 |  512.0 |
               +--------+--------+--------+--------+--------+-----+--------+

Top non-repeatable levels by time:
Depths:3: 3357 daAuts
Spider:3: 3328 daAuts
Vaults:2: 3119 daAuts
    D:15: 3062 daAuts
  Lair:3: 2969 daAuts
 Swamp:3: 2961 daAuts
Vaults:3: 2925 daAuts
   Zot:5: 2651 daAuts
   Orc:2: 2621 daAuts
Vaults:1: 2542 daAuts
  Lair:5: 2531 daAuts
     D:7: 2512 daAuts
  Lair:2: 2463 daAuts
Spider:2: 2304 daAuts
    D:10: 2292 daAuts

Levels and vault maps discovered:
D:1:      pf_arrival_petrified_forest, layout_basic,
          shapermc_ecumenical_altar_starsandcircs
D:2:      layout_rooms, basic_altar
D:3:      layout_loops_ring, slow_altar_1, serial_aquarium,
          aquarium_bridge_long_separate [aquarium_subvault_bridge,
          aquarium_subvault_bridge, aquarium_subvault_bridge,
          aquarium_subvault_bridge, aquarium_subvault_bridge,
          aquarium_subvault_bridge], aquarium_bridge_island_small
          [aquarium_subvault_small_open, aquarium_subvault_wall,
          aquarium_subvault_bridge, aquarium_subvault_bridge,
          aquarium_subvault_bridge], aquarium_window_corridor_2,
          aquarium_window_fake, aquarium_window_1, aquarium_window_corner,
          aquarium_view_2c, uniq_ijyb
D:4:      layout_basic, amcnicky_altar_gilded, grunt_ministairs_3,
          minmay_misc_feat_encased, uniq_robin
D:5:      layout_rooms, serial_shops, nicolae_shop_stone, gammafunk_ghost_icy,
          hellmonk_guarded_unrand_hermit, uniq_eustachio, uniq_prince_ribbit1
D:6:      layout_gridville, minmay_temple_entry_antechambers,
          minmay_misc_feat_chi
D:7:      layout_loops_ring, enter_bailey_2, st_stairs_10, minmay_checkerbox,
          uniq_maggie, uniq_duvessa, uniq_crazy_yiuf_cottage
D:8:      layout_cave_pools, elyvilon_altar_1,
          ploomutoo_gammafunk_ghost_potion_laboratory, uniq_psyche
D:9:      layout_rooms, mainiacjoe_overflow_paths, st_stairs_6
D:10:     layout_small_grid, nicolae_overflow_macrodata_refinement,
          erik_lair_island, kennysheep_orc_monster_closet_entryway
D:11:     layout_cave_pods, portal_ice_cave_entry_pillars_1, serial_shops,
          nicolae_shop_temple_entry_statues_fountains, shop, uniq_fannar
D:12:     layout_irregular_city, uniq_jorgrun, uniq_sonja
D:13:     layout_rooms
D:14:     layout_cave_pools, hellmonk_vaults_keyhole, fedhas_altar_1,
          worldfamousw_hep_ancestral_shrine, uniq_snorg
D:15:     hangedman_depths_entry_civil_slaughter, layout_loops_ring,
          serial_shops, nicolae_shop_gibbet_a_chance, nicolae_lakefront_shop,
          minmay_misc_feat_diagonals
Temple:   nicolae_temple_superstar
Lair:1:   layout_long_grid, serial_rivers, chequers_serial_rivers_micro_b,
          chequers_serial_rivers_small_3, chequers_serial_rivers_large_a,
          chequers_serial_rivers_micro_b, chequers_serial_rivers_room_b,
          chequers_serial_rivers_small_b, lemuel_fruit_tree,
          serial_bayou_shore_b
Lair:2:   layout_loops_ring, spider_nest_entry_funnel_web, beast_lair_carwin_9,
          uniq_amaemon
Lair:3:   layout_loops_ring, mainiacjoe_swamp_entry_lozenge_pond, serial_forest,
          infiniplex_forest_3_way, infiniplex_forest_join,
          infiniplex_forest_straight_2, infiniplex_forest_end_1,
          infiniplex_forest_fountain, infiniplex_forest_end_1,
          infiniplex_forest_straight_2, infiniplex_forest_straight_2,
          infiniplex_forest_end_2, infiniplex_forest_end_2,
          gammafunk_ghost_berserking_beasts
Lair:4:   layout_regular_city, minmay_slime_entry_oklob_enclosed,
          pdpol_lair_neglected_garden, beast_lair_carwin_3
Lair:5:   grunt_lair_end_beastmaster, layout_regular_city,
          nicolae_volcano_entry_batcave, hellmonk_talismancer
Swamp:1:  layout_basic_swamp, nicolae_swamp_tree_designs
Swamp:2:  layout_falls_marsh, hangedman_swamp_ruin_hall,
          nicolae_swamp_tree_isthmus
Swamp:3:  layout_falls_marsh, nicolae_swamp_stair_fork, uniq_mara
Swamp:4:  grunt_swamp_rune_castle, layout_basic_swamp, uniq_mlioglotl,
          uniq_aizul
Spider:1: layout_spider_delve
Spider:2: layout_spider_delve, hangedman_spider_mandibles, uniq_asterion
Spider:3: layout_spider_delve, gammafunk_ghost_split, drop_trap,
          hangedman_spider_tarantella_strand
Spider:4: johnstein_spider_rune_arachne_lair
Slime:1:  layout_caves
Slime:2:  layout_caves, uniq_dissolution
Slime:3:  cheibrodos_slime_lost_civilization_3, layout_caves
Slime:4:  layout_caves
Slime:5:  slime_pit_nicolae_amoeboid
Orc:1:    layout_caves
Orc:2:    st_orc_town, layout_diamond_mine, gammafunk_ghost_fury_of_okawaru
Elf:1:    eino_elf_arrival_the_gate, layout_loops_cross, serial_shops, shop,
          hangedman_elf_disciples, minmay_shoptagon
Elf:2:    elven_hall_of_blades_hangedman_original [mumra_blade_entry_bloodbath],
          layout_onion_city, serial_shops, shop
Elf:3:    grunt_elf_hall_asides, layout_loops_corners,
          nicolae_elf_double_double_double_trouble
Vaults:1: ontoclasm_vaults_loading_screen, vaults_room_grunt_arrival_ludios,
          v_misc_10, nicolae_vaults_diamond_1, nicolae_vaults_prndl,
          ontoclasm_vaults_decontamination, nicolae_vaults_statue_guard,
          layout_vaults_omnigrid, serial_shops, nicolae_shop_back_alley_shop
Vaults:2: vaults_room_octagon, vaults_room_fours,
          nicolae_vaults_oval_intersection, nicolae_vaults_network_s,
          nicolae_vaults_storage_closets_2, blue_anna_dwarven_crypt, v_misc_11,
          v_rooms_1, vaults_room_door_ring, vaults_mumra_hex,
          nicolae_vaults_big_angled_halls, layout_vaults_maze, uniq_boris
Vaults:3: v_misc_9, v_rooms_3, nicolae_vaults_spaceships, v_misc_2, v_misc_11,
          nicolae_vaults_tetromino_T_2, v_misc_16,
          nicolae_vaults_taking_the_gang_shopping, vaults_dpeg_encased_lava,
          nicolae_vaults_antechamber_and_loot_room,
          ontoclasm_vaults_loading_screen, layout_vaults_big_room, serial_shops,
          bzr_firewalk, uniq_mennas
Vaults:4: nicolae_vaults_diagonal_hallway_9, nicolae_vaults_sightless_eye,
          grunt_vaults_trifunnel, v_misc_33, vaults_standard_mumra_x,
          vaults_room_large_hall, nicolae_vaults_closet_pinwheel_3,
          grunt_vaults_diagonal, nicolae_vaults_oozy_zoo,
          ontoclasm_vaults_idyll, nicolae_vaults_closet_pinwheel_3,
          nicolae_vaults_little_squares_1, layout_vaults_omnibox, serial_shops,
          bzr_entry_gold
Depths:1: hangedman_arch_fort, layout_basic, corexii_hall_statues_x,
          serial_shops, shop, gammafunk_ghost_cemetery, hell_entry,
          nicolae_uskayaw_en_pointe
Depths:2: dreamdust_merry_men, layout_long_grid, enter_ziggurat_b, hellmouth_1,
          rand_demon_pan_entry_8, infiniplex_staircase_pillars_3b
Depths:3: evilmike_silver_temple, layout_basic, hell_entry, abyss_entry,
          minivault_16, minmay_misc_feat_iff, grunt_ministairs_9,
          minmay_fire_ice_demons, minmay_staircase_bubble
Depths:4: grunt_zot_entry_pinwheel, layout_gridville, hell_entry,
          nicolae_tso_carved_into_rock, special_room [special_room_morgue],
          minmay_misc_feat_five
Zot:1:    layout_cellular_growth
Zot:2:    kennysheep_spiral_hall, layout_misc_corridors,
          regret_index_zotdec_plus, basic_altar
Zot:3:    layout_misc_corridors, regret_index_zotdec_twisting_globes,
          grunt_megastairs_3
Zot:4:    minmay_elemental_castle, layout_cathedral_of_symmetry,
          regret_index_zotdec_wing_it
Zot:5:    layout_cellular_growth, skrybe_zot_glass_2

Table legend: (Time is in decaauts)
 A = Elapsed time spent in this place.
 B = Non-inter-level travel time spent in this place.
 C = Inter-level travel time spent in this place.
 D = Time resting spent in this place.
 E = Time spent auto-exploring this place.
 F = Levels seen in this place.
 G = Mean time per level.
                   A        B        C        D        E       F      G
               +--------+--------+--------+--------+--------+-----+--------+
         Total |  97576 |  88739 |   8837 |  26829 |  45920 |  63 | 1548.8 |
       Dungeon |  25888 |  22918 |   2970 |   4124 |  15483 |  15 | 1725.9 |
        Temple |     39 |     20 |     19 |      0 |      0 |   1 |   39.0 |
          Lair |  12204 |  10385 |   1819 |   2489 |   6672 |   5 | 2440.8 |
         Swamp |   6597 |   6022 |    575 |   2565 |   2570 |   4 | 1649.2 |
   Spider Nest |   8758 |   8324 |    434 |   3109 |   3910 |   4 | 2189.5 |
    Slime Pits |   4575 |   4353 |    222 |   2999 |    148 |   5 |  915.0 |
  Orcish Mines |   3071 |   2642 |    429 |    704 |   1367 |   2 | 1535.5 |
   Elven Halls |   4774 |   4287 |    487 |    948 |   2505 |   3 | 1591.3 |
        Vaults |  10237 |   9469 |    768 |   2389 |   5172 |   4 | 2559.2 |
        Depths |   8985 |   8266 |    719 |   3162 |   3618 |   4 | 2246.2 |
           Zot |   9221 |   8830 |    391 |   3253 |   3106 |   5 | 1844.2 |
      Ziggurat |    875 |    875 |      0 |    485 |    193 |   7 |  125.0 |
        Bazaar |    350 |    350 |      0 |      0 |    302 |   2 |  175.0 |
      Ice Cave |   1482 |   1482 |      0 |    389 |    798 |   1 | 1482.0 |
       Volcano |    512 |    512 |      0 |    211 |     75 |   1 |  512.0 |
               +--------+--------+--------+--------+--------+-----+--------+

Top non-repeatable levels by time:
Depths:3: 3357 daAuts
Spider:3: 3328 daAuts
Vaults:2: 3119 daAuts
    D:15: 3062 daAuts
  Lair:3: 2969 daAuts
 Swamp:3: 2961 daAuts
Vaults:3: 2925 daAuts
   Zot:5: 2651 daAuts
   Orc:2: 2621 daAuts
Vaults:1: 2542 daAuts
  Lair:5: 2531 daAuts
     D:7: 2512 daAuts
  Lair:2: 2463 daAuts
Spider:2: 2304 daAuts
    D:10: 2292 daAuts

Table legend:
 A = Kills in this place as a percentage of kills in the entire game.
 B = Kills by you in this place as a percentage of kills by you in the entire game.
 C = Kills by friends in this place as a percentage of kills by friends in the entire game.
 D = Other kills in this place as a percentage of other kills in the entire game.
 E = Experience gained in this place as a percentage of experience gained in the entire game.
 F = Experience gained in this place divided by the number of levels of this place that you have seen.
                   A       B       C       D       E      F
               +-------+-------+-------+-------+-------+----------------------
         Total | 100.0 | 100.0 | 100.0 | 100.0 | 100.0 | 20869.7
       Dungeon |  19.6 |  22.0 |  14.2 |  40.0 |   6.9 | 6090.0
          Lair |   8.8 |   4.7 |  17.7 |   0.0 |   4.9 | 12804.2
         Swamp |   5.6 |   7.3 |   2.1 |   0.0 |   6.1 | 20062.0
   Spider Nest |  10.3 |  12.2 |   6.3 |   0.0 |   7.8 | 25681.8
    Slime Pits |   6.2 |   5.6 |   7.5 |   0.0 |   6.6 | 17404.6
  Orcish Mines |   6.2 |   1.8 |  15.7 |   0.0 |   1.8 | 11911.0
   Elven Halls |   5.1 |   5.9 |   3.2 |  40.0 |   6.2 | 27219.7
        Vaults |  13.1 |  15.8 |   7.2 |   0.0 |  14.7 | 48257.8
        Depths |   8.5 |   8.8 |   8.0 |   0.0 |  13.1 | 43221.5
           Zot |  13.4 |  14.4 |  11.3 |  20.0 |  28.6 | 75281.8
      Ziggurat |   1.1 |   1.3 |   0.8 |   0.0 |   2.3 | 4240.1
      Ice Cave |   1.3 |   0.1 |   4.0 |   0.0 |   0.6 | 7900.0
       Volcano |   0.8 |   0.2 |   2.0 |   0.0 |   0.3 | 4037.0
               +-------+-------+-------+-------+-------+----------------------
